Workbook
Name _1_Realizzazione_e_gestione_di_punti_di_ascolto_accoglienza_e_incubatori_di_idee_per_le_imprese_allo_scopo_di_far_emergere_e_individuare_le_idee_innovative: Attività!$C$2:$C$5
Name _2_Organizzazione_di_interventi_formativi__informativi__dimostrativi_e_di_consulenza_integrati_tra_loro_e_diretti_alle_imprese_agricole: Attività!$D$2:$D$5
Name _3_Accompagnamento_alla_nascita_o_potenziamento_di_aziende_dimostrative_e_realizzazione_su_piccola_scala_di_prove_sperimentali_e_di_collaudo_dell’innovazione_e_scambi_di_conoscenze_peer_to_peer_anche_a_supporto_dell_attività_di_cui_ai_punti_precedenti: Attività!$E$2:$E$3
Name _Hlk210119760: Attività!$A$4
Name _Hlk212482189: Attività!$A$15
Name Azione: 'Trasferibilità e Diss.'!$F$2:$F$4
Name Disseminazione: 'Trasferibilità e Diss.'!$H$2:$H$8
Name Divulgazione: 'Trasferibilità e Diss.'!$I$2:$I$8
Name OG.1_promuovere_un_settore_agricolo_intelligente__competitivo__resiliente_e_diversificato_che_garantisca_la_sicurezza_alimentare_a_lungo_termine: Obiettivi!$B$2:$B$5
Name OG.2_sostenere_e_rafforzare_la_tutela_dell_ambiente__compresa_la_biodiversita_e_l_azione_per_il_clima_e_contribuire_al_raggiungimento_degli_obiettivi_dell_Unione_in_materia_di_ambiente_e_clima__compresi_gli_impegni_assunti_a_norma_dell_accordo_di_Parigi: Obiettivi!$C$2:$C$5
Name OG.3_rafforzare_il_tessuto_socioeconomico_delle_zone_rurali: Obiettivi!$D$2:$D$5
Name OG.3_rafforzare_il_tessuto_socioeconomico_delle_zone_rurali.: Obiettivi!$A$5
Name Seleziona: Attività!$B$2:$B$5

Sheet Introduzione
A6: PROGETTO PER I GRUPPI DI COOPERAZIONE
A8: Il Progetto è composto dai seguenti fogli di lavoro:
A11: Privacy Policy | B11: Autorizzazione al trattamento dei dati personali
A12: Info generali | B12: Informazioni generali relative al GC e al progetto
A13: Partenariato | B13: Dati riguardanti il soggetto capofila e i vari partner coinvolti nel progetto
A14: Attività e Costi | B14: Elenco delle azioni progettuali e relativi costi
A15: Piano finanziario generale | B15: Informazioni finanziare relative al progetto
A16: Qualità del team di progetto | B16: Caratteristiche/competenze dei soggetti che realizzano le attività di progetto e completezza del team di progetto
A17: Quadro Logico
A18: Coerenza con il territorio | B18: Coerenza delle tematiche affrontate nel progetto rispetto alle caratteristiche dei territori e/o delle filiere cui il progetto si riferisce

Sheet Privacy Policy
A2: Autorizzazione al trattamento dei dati personali ai sensi dell’art. 13 del Regolamento UE n. 2016/679 in materia di protezione dei dati personali delle persone fisiche (GDPR) e dell’art. 13 del D. Lgs. 196/2003 e s.m.i. (ultimo aggiornamento: D. Lgs. 101/2018) Attraverso l'inserimento dei propri dati personali, il soggetto dichiara di avere preso visione dell’informativa per il trattamento dei dati forniti ai fini dell’attuazione del Programma Rete Rurale Nazionale 2014-2022 (consultabile alla pagina web https://www.innovarurale.it/it/privacy-policy) e, a tal fine: ESPRIME il consenso al trattamento dei propri dati personali per le finalità e secondo le modalità indicate nell’informativa.

Sheet Info generali
A1: Informazioni di progetto | B1: Torna all'indice
A4: Titolo del progetto | D4: =LEN(SUBSTITUTE(B4," ",""))& " caratteri / 200" -> 0 caratteri / 200
A7: Acronimo
A9: Periodo del progetto
A10: Data di inizio (GG/MM/AAAA)
A11: Data di fine (GG/MM/AAAA)
A12: Durata del progetto (mesi) | B12: =IFERROR(DATEDIF(B10,B11+1,"M"),0) -> 0
A14: Coordinatore del progetto/Soggetto capofila
A15: Denominazione | D15: =LEN(SUBSTITUTE(B15," ",""))& " caratteri / 150" -> 0 caratteri / 150
A16: Indirizzo
A17: Città
A18: Provincia
A19: Cap
A20: Indirizzo completo | B20: =IF(CONCATENATE(B16,B17,B18,B19)<>"", B16&" "&B17&" ("&B18&") "&B19,"") | D20: =LEN(SUBSTITUTE(B20," ",""))& " caratteri / 150" -> 0 caratteri / 150
A21: E-mail | D21: =LEN(SUBSTITUTE(B21," ",""))& " caratteri / 150" -> 0 caratteri / 150
A22: Pec | D22: =LEN(SUBSTITUTE(B22," ",""))& " caratteri / 150" -> 0 caratteri / 150
A23: Telefono | D23: =LEN(SUBSTITUTE(B23," ",""))& " caratteri / 150" -> 0 caratteri / 150
A25: Responsabile tecnico scientifico
A26: Denominazione | D26: =LEN(SUBSTITUTE(B26," ",""))& " caratteri / 150" -> 0 caratteri / 150
A27: Indirizzo
A28: Città
A29: Provincia
A30: Cap
A31: Indirizzo completo | B31: =IF(CONCATENATE(B27,B28,B29,B30)<>"", B27&" "&B28&" ("&B29&") "&B30,"") | D31: =LEN(SUBSTITUTE(B31," ",""))& " caratteri / 150" -> 0 caratteri / 150
A32: E-mail | D32: =LEN(SUBSTITUTE(B32," ",""))& " caratteri / 150" -> 0 caratteri / 150
A33: Pec | D33: =LEN(SUBSTITUTE(B33," ",""))& " caratteri / 150" -> 0 caratteri / 150
A34: Telefono | D34: =LEN(SUBSTITUTE(B34," ",""))& " caratteri / 150" -> 0 caratteri / 150
A36: N. totale partner (incluso soggetto capofila)
A38: Forma giuridica del Gruppo di cooperazione | D38: Obbligatorio
A40: Collocazione geografica del progetto
A41: Località geografica principale (NUTS3) | B41: --Seleziona--
A42: Altra località geografica (NUTS3) | B42: --Seleziona-- | D42: Facoltativo
A43: Altra località geografica (NUTS3) | B43: --Seleziona-- | D43: Facoltativo
A45: Costo totale del progetto (€)
A47: Fonti di finanziamento
A48: Principale | B48: --Seleziona--
A49: Altre fonti | B49: --Seleziona--
A52: Obiettivi del progetto | D52: =LEN(SUBSTITUTE(B52," ",""))& " caratteri / 1000" -> 0 caratteri / 1000
A56: Descrizione delle attività del progetto | D56: =LEN(SUBSTITUTE(B56," ",""))& " caratteri / 1000" -> 0 caratteri / 1000
A60: Informazioni supplementari | D60: =LEN(SUBSTITUTE(B60," ",""))& " caratteri /2000" -> 0 caratteri /2000 | E60: Facoltativo
A62: Settore | B62: FALSE | C62: Agricolo
B63: FALSE | C63: Forestale
B64: FALSE | C64: Alimentare
A66: Eventuale comparto specifico | B66: -- Seleziona --

Sheet Partenariato
A1: Partenariato | B1: Torna all'indice
A3: Informazioni | B3: CAPOFILA | C3: PARTNER 1 | D3: PARTNER 2 | E3: PARTNER 3 | F3: PARTNER 4 | G3: PARTNER 5 | H3: PARTNER 6 | I3: PARTNER 7 | J3: PARTNER 8 | K3: PARTNER 9 | L3: PARTNER 10 | M3: PARTNER 11 | N3: PARTNER 12 | O3: PARTNER 13 | P3: PARTNER 14 | Q3: PARTNER 15 | R3: PARTNER 16 | S3: PARTNER 17 | T3: PARTNER 18 | U3: PARTNER 19 | V3: PARTNER 20
A4: Denominazione | B4: =IF('Info generali'!B15<>"",'Info generali'!B15,"")
A5: Tipo di partner
A6: Eventuale Comparto | B6: -- Seleziona -- | C6: -- Seleziona -- | D6: -- Seleziona -- | E6: -- Seleziona -- | F6: -- Seleziona -- | G6: -- Seleziona -- | H6: -- Seleziona -- | I6: -- Seleziona -- | J6: -- Seleziona -- | K6: -- Seleziona -- | L6: -- Seleziona -- | M6: -- Seleziona -- | N6: -- Seleziona -- | O6: -- Seleziona -- | P6: -- Seleziona -- | Q6: -- Seleziona -- | R6: -- Seleziona -- | S6: -- Seleziona -- | T6: -- Seleziona -- | U6: -- Seleziona -- | V6: -- Seleziona --
A7: Cod. ATECO
A8: CUUA
A9: Motivazione della presenza del partner per i soggetti appartenenti alle categorie: Altri soggetti operanti nel settore agricolo, forestale e alimentare di cui a punto 7 par. 6/B
A10: Referente di progetto
A11: Cognome
A12: Nome
A13: Email
A14: Sede operativa
A15: Indirizzo | B15: =IF('Info generali'!B16<>"",'Info generali'!B16,"")
A16: Città | B16: =IF('Info generali'!B17<>"",'Info generali'!B17,"")
A17: Provincia | B17: =IF('Info generali'!B18<>"",'Info generali'!B18,"")
A18: Cap | B18: =IF('Info generali'!B19<>"",'Info generali'!B19,"")
A19: Indirizzo completo | B19: =IF(CONCATENATE(B15,B16,B17,B18)<>"", B15&" "&B16&" ("&B17&") "&B18,"") | C19: =IF(CONCATENATE(C15,C16,C17,C18)<>"", C15&" "&C16&" ("&C17&") "&C18,"") | D19: =IF(CONCATENATE(D15,D16,D17,D18)<>"", D15&" "&D16&" ("&D17&") "&D18,"") | E19: =IF(CONCATENATE(E15,E16,E17,E18)<>"", E15&" "&E16&" ("&E17&") "&E18,"") | F19: =IF(CONCATENATE(F15,F16,F17,F18)<>"", F15&" "&F16&" ("&F17&") "&F18,"") | G19: =IF(CONCATENATE(G15,G16,G17,G18)<>"", G15&" "&G16&" ("&G17&") "&G18,"") | H19: =IF(CONCATENATE(H15,H16,H17,H18)<>"", H15&" "&H16&" ("&H17&") "&H18,"") | I19: =IF(CONCATENATE(I15,I16,I17,I18)<>"", I15&" "&I16&" ("&I17&") "&I18,"") | ... V19: =IF(CONCATENATE(V15,V16,V17,V18)<>"", V15&" "&V16&" ("&V17&") "&V18,"")
A20: E-mail | B20: =IF('Info generali'!B21<>"",'Info generali'!B21,"")
A21: Pec | B21: =IF('Info generali'!B22<>"",'Info generali'!B22,"")
A22: Telefono | B22: =IF('Info generali'!B23<>"",'Info generali'!B23,"")
A23: Sede legale se diversa
A24: Indirizzo
A25: Città
A26: Provincia
A27: Cap
A28: =IF(21-COUNTBLANK(B4:V4)<>'Info generali'!B36,"Controllo totali: Attenzione! Il numero di partner non coincide","Controllo totali: OK") -> Controllo totali: OK

Sheet Attività e Costi
A1: Attività e Costi | B1: Torna all'indice
A3: =IF(SUM(HQ8:HQ17)<>'Info generali'!B45,"Controllo totali: Attenzione! Il totale dei costi non coincide con il costo del progetto","Controllo totali: OK") -> Controllo totali: OK
A4: Attività | B4: Tipologia di attività | C4: Descrizione Attività | D4: Periodo di realizzazione (da .. a ..) | E4: Responsabile azione | F4: CAPOFILA | P4: PARTNER 1 | Z4: PARTNER 2 | AJ4: PARTNER 3 | AT4: PARTNER 4 | BD4: PARTNER 5 | BN4: PARTNER 6 | BX4: PARTNER 7 | CH4: PARTNER 8 | CR4: PARTNER 9 | DB4: PARTNER 10 | DL4: PARTNER 11 | DV4: PARTNER 12 | EF4: PARTNER 13 | EP4: PARTNER 14 | EZ4: PARTNER 15 | FJ4: PARTNER 16 | FT4: PARTNER 17 | GD4: PARTNER 18 | GN4: PARTNER 19 | GX4: PARTNER 20 | HH4: TOTALE
F5: =IF(Partenariato!B4<>0,Partenariato!B4,"") | P5: =IF(Partenariato!C4<>0,Partenariato!C4,"") | Z5: =IF(Partenariato!D4<>0,Partenariato!D4,"") | AJ5: =IF(Partenariato!E4<>0,Partenariato!E4,"") | AT5: =IF(Partenariato!F4<>0,Partenariato!F4,"") | BD5: =IF(Partenariato!G4<>0,Partenariato!G4,"") | BN5: =IF(Partenariato!H4<>0,Partenariato!H4,"") | BX5: =IF(Partenariato!I4<>0,Partenariato!I4,"") | CH5: =IF(Partenariato!J4<>0,Partenariato!J4,"") | CR5: =IF(Partenariato!K4<>0,Partenariato!K4,"") | DB5: =IF(Partenariato!L4<>0,Partenariato!L4,"") | DL5: =IF(Partenariato!M4<>0,Partenariato!M4,"") | DV5: =IF(Partenariato!N4<>0,Partenariato!N4,"") | EF5: =IF(Partenariato!O4<>0,Partenariato!O4,"") | EP5: =IF(Partenariato!P4<>0,Partenariato!P4,"") | EZ5: =IF(Partenariato!Q4<>0,Partenariato!Q4,"") | FJ5: =IF(Partenariato!R4<>0,Partenariato!R4,"") | FT5: =IF(Partenariato!S4<>0,Partenariato!S4,"") | GD5: =IF(Partenariato!T4<>0,Partenariato!T4,"") | GN5: =IF(Partenariato!U4<>0,Partenariato!U4,"") | GX5: =IF(Partenariato!V4<>0,Partenariato!V4,"")
F6: 1. Costi amministrativi e legati alla costituzione e modifica del GC | G6: 2.Spese del personale | H6: 3. Corrispettivo economico per l'imprenditore agricolo e forestale | I6: 4. Missioni e trasferte | J6: 5 .Consulenze esterne e altri servizi | K6: 6. Costi di coordinamento e gestione del progetto | L6: 7. Costi indiretti | M6: 8. Quote di ammortamento del materiale durevole | N6: 9. Prototipi/Impianti pilota | O6: Totale* | P6: 1. Costi amministrativi e legati alla costituzione e modifica del GC | Q6: 2.Spese del personale | R6: 3. Corrispettivo economico per l'imprenditore agricolo e forestale | S6: 4. Missioni e trasferte | T6: 5 .Consulenze esterne e altri servizi | U6: 6. Costi di coordinamento e gestione del progetto | V6: 7. Costi indiretti | W6: 8. Quote di ammortamento del materiale durevole | X6: 9. Prototipi/Impianti pilota | Y6: Totale* | Z6: 1. Costi amministrativi e legati alla costituzione e modifica del GC | AA6: 2.Spese del personale | AB6: 3. Corrispettivo economico per l'imprenditore agricolo e forestale | AC6: 4. Missioni e trasferte | AD6: 5 .Consulenze esterne e altri servizi | AE6: 6. Costi di coordinamento e gestione del progetto | AF6: 7. Costi indiretti | AG6: 8. Quote di ammortamento del materiale durevole | AH6: 9. Prototipi/Impianti pilota | AI6: Totale* | AJ6: 1. Costi amministrativi e legati alla costituzione e modifica del GC | AK6: 2.Spese del personale | AL6: 3. Corrispettivo economico per l'imprenditore agricolo e forestale | AM6: 4. Missioni e trasferte | AN6: 5 .Consulenze esterne e altri servizi | AO6: 6. Costi di coordinamento e gestione del progetto | AP6: 7. Costi indiretti | AQ6: 8. Quote di ammortamento del materiale durevole | AR6: 9. Prototipi/Impianti pilota | AS6: Totale* | AT6: 1. Costi amministrativi e legati alla costituzione e modifica del GC | AU6: 2.Spese del personale | AV6: 3. Corrispettivo economico per l'imprenditore agricolo e forestale | AW6: 4. Missioni e trasferte | AX6: 5 .Consulenze esterne e altri servizi | AY6: 6. Costi di coordinamento e gestione del progetto | AZ6: 7. Costi indiretti | BA6: 8. Quote di ammortamento del materiale durevole | BB6: 9. Prototipi/Impianti pilota | BC6: Totale* | BD6: 1. Costi amministrativi e legati alla costituzione e modifica del GC | BE6: 2.Spese del personale | BF6: 3. Corrispettivo economico per l'imprenditore agricolo e forestale | BG6: 4. Missioni e trasferte | BH6: 5 .Consulenze esterne e altri servizi | BI6: 6. Costi di coordinamento e gestione del progetto | BJ6: 7. Costi indiretti | BK6: 8. Quote di ammortamento del materiale durevole | BL6: 9. Prototipi/Impianti pilota | BM6: Totale* | BN6: 1. Costi amministrativi e legati alla costituzione e modifica del GC | BO6: 2.Spese del personale | BP6: 3. Corrispettivo economico per l'imprenditore agricolo e forestale | BQ6: 4. Missioni e trasferte | BR6: 5 .Consulenze esterne e altri servizi | BS6: 6. Costi di coordinamento e gestione del progetto | BT6: 7. Costi indiretti | BU6: 8. Quote di ammortamento del materiale durevole | BV6: 9. Prototipi/Impianti pilota | BW6: Totale* | BX6: 1. Costi amministrativi e legati alla costituzione e modifica del GC | BY6: 2.Spese del personale | BZ6: 3. Corrispettivo economico per l'imprenditore agricolo e forestale | CA6: 4. Missioni e trasferte | CB6: 5 .Consulenze esterne e altri servizi | CC6: 6. Costi di coordinamento e gestione del progetto | CD6: 7. Costi indiretti | CE6: 8. Quote di ammortamento del materiale durevole | CF6: 9. Prototipi/Impianti pilota | CG6: Totale* | CH6: 1. Costi amministrativi e legati alla costituzione e modifica del GC | CI6: 2.Spese del personale | CJ6: 3. Corrispettivo economico per l'imprenditore agricolo e forestale | CK6: 4. Missioni e trasferte | CL6: 5 .Consulenze esterne e altri servizi | CM6: 6. Costi di coordinamento e gestione del progetto | CN6: 7. Costi indiretti | CO6: 8. Quote di ammortamento del materiale durevole | CP6: 9. Prototipi/Impianti pilota | CQ6: Totale* | CR6: 1. Costi amministrativi e legati alla costituzione e modifica del GC | CS6: 2.Spese del personale | CT6: 3. Corrispettivo economico per l'imprenditore agricolo e forestale | CU6: 4. Missioni e trasferte | CV6: 5 .Consulenze esterne e altri servizi | CW6: 6. Costi di coordinamento e gestione del progetto | CX6: 7. Costi indiretti | CY6: 8. Quote di ammortamento del materiale durevole | CZ6: 9. Prototipi/Impianti pilota | DA6: Totale* | DB6: 1. Costi amministrativi e legati alla costituzione e modifica del GC | DC6: 2.Spese del personale | DD6: 3. Corrispettivo economico per l'imprenditore agricolo e forestale | DE6: 4. Missioni e trasferte | DF6: 5 .Consulenze esterne e altri servizi | DG6: 6. Costi di coordinamento e gestione del progetto | DH6: 7. Costi indiretti | DI6: 8. Quote di ammortamento del materiale durevole | DJ6: 9. Prototipi/Impianti pilota | DK6: Totale* | DL6: 1. Costi amministrativi e legati alla costituzione e modifica del GC | DM6: 2.Spese del personale | DN6: 3. Corrispettivo economico per l'imprenditore agricolo e forestale | DO6: 4. Missioni e trasferte | DP6: 5 .Consulenze esterne e altri servizi | DQ6: 6. Costi di coordinamento e gestione del progetto | DR6: 7. Costi indiretti | DS6: 8. Quote di ammortamento del materiale durevole | DT6: 9. Prototipi/Impianti pilota | DU6: Totale* | DV6: 1. Costi amministrativi e legati alla costituzione e modifica del GC | DW6: 2.Spese del personale | DX6: 3. Corrispettivo economico per l'imprenditore agricolo e forestale | DY6: 4. Missioni e trasferte | DZ6: 5 .Consulenze esterne e altri servizi | EA6: 6. Costi di coordinamento e gestione del progetto | EB6: 7. Costi indiretti | EC6: 8. Quote di ammortamento del materiale durevole | ED6: 9. Prototipi/Impianti pilota | EE6: Totale* | EF6: 1. Costi amministrativi e legati alla costituzione e modifica del GC | EG6: 2.Spese del personale | EH6: 3. Corrispettivo economico per l'imprenditore agricolo e forestale | EI6: 4. Missioni e trasferte | EJ6: 5 .Consulenze esterne e altri servizi | EK6: 6. Costi di coordinamento e gestione del progetto | EL6: 7. Costi indiretti | EM6: 8. Quote di ammortamento del materiale durevole | EN6: 9. Prototipi/Impianti pilota | EO6: Totale* | EP6: 1. Costi amministrativi e legati alla costituzione e modifica del GC | EQ6: 2.Spese del personale | ER6: 3. Corrispettivo economico per l'imprenditore agricolo e forestale | ES6: 4. Missioni e trasferte | ET6: 5 .Consulenze esterne e altri servizi | EU6: 6. Costi di coordinamento e gestione del progetto | EV6: 7. Costi indiretti | EW6: 8. Quote di ammortamento del materiale durevole | EX6: 9. Prototipi/Impianti pilota | EY6: Totale* | EZ6: 1. Costi amministrativi e legati alla costituzione e modifica del GC | FA6: 2.Spese del personale | FB6: 3. Corrispettivo economico per l'imprenditore agricolo e forestale | FC6: 4. Missioni e trasferte | FD6: 5 .Consulenze esterne e altri servizi | FE6: 6. Costi di coordinamento e gestione del progetto | FF6: 7. Costi indiretti | FG6: 8. Quote di ammortamento del materiale durevole | FH6: 9. Prototipi/Impianti pilota | FI6: Totale* | FJ6: 1. Costi amministrativi e legati alla costituzione e modifica del GC | FK6: 2.Spese del personale | FL6: 3. Corrispettivo economico per l'imprenditore agricolo e forestale | FM6: 4. Missioni e trasferte | FN6: 5 .Consulenze esterne e altri servizi | FO6: 6. Costi di coordinamento e gestione del progetto | FP6: 7. Costi indiretti | FQ6: 8. Quote di ammortamento del materiale durevole | FR6: 9. Prototipi/Impianti pilota | FS6: Totale* | FT6: 1. Costi amministrativi e legati alla costituzione e modifica del GC | FU6: 2.Spese del personale | FV6: 3. Corrispettivo economico per l'imprenditore agricolo e forestale | FW6: 4. Missioni e trasferte | FX6: 5 .Consulenze esterne e altri servizi | FY6: 6. Costi di coordinamento e gestione del progetto | FZ6: 7. Costi indiretti | GA6: 8. Quote di ammortamento del materiale durevole | GB6: 9. Prototipi/Impianti pilota | GC6: Totale* | GD6: 1. Costi amministrativi e legati alla costituzione e modifica del GC | GE6: 2.Spese del personale | GF6: 3. Corrispettivo economico per l'imprenditore agricolo e forestale | GG6: 4. Missioni e trasferte | GH6: 5 .Consulenze esterne e altri servizi | GI6: 6. Costi di coordinamento e gestione del progetto | GJ6: 7. Costi indiretti | GK6: 8. Quote di ammortamento del materiale durevole | GL6: 9. Prototipi/Impianti pilota | GM6: Totale* | GN6: 1. Costi amministrativi e legati alla costituzione e modifica del GC | GO6: 2.Spese del personale | GP6: 3. Corrispettivo economico per l'imprenditore agricolo e forestale | GQ6: 4. Missioni e trasferte | GR6: 5 .Consulenze esterne e altri servizi | GS6: 6. Costi di coordinamento e gestione del progetto | GT6: 7. Costi indiretti | GU6: 8. Quote di ammortamento del materiale durevole | GV6: 9. Prototipi/Impianti pilota | GW6: Totale* | GX6: 1. Costi amministrativi e legati alla costituzione e modifica del GC | GY6: 2.Spese del personale | GZ6: 3. Corrispettivo economico per l'imprenditore agricolo e forestale | HA6: 4. Missioni e trasferte | HB6: 5 .Consulenze esterne e altri servizi | HC6: 6. Costi di coordinamento e gestione del progetto | HD6: 7. Costi indiretti | HE6: 8. Quote di ammortamento del materiale durevole | HF6: 9. Prototipi/Impianti pilota | HG6: Totale* | HH6: 1. Costi amministrativi e legati alla costituzione e modifica del GC | HI6: 2.Spese del personale | HJ6: 3. Corrispettivo economico per l'imprenditore agricolo e forestale | HK6: 4. Missioni e trasferte | HL6: 5 .Consulenze esterne e altri servizi | HM6: 6. Costi di coordinamento e gestione del progetto | HN6: 7. Costi indiretti | HO6: 8. Quote di ammortamento del materiale durevole | HP6: 9. Prototipi/Impianti pilota | HQ6: Totale*
A8: Seleziona | E8: --Seleziona-- | O8: =SUM(F8:N8) -> 0 | Y8: =SUM(P8:X8) -> 0 | AI8: =SUM(Z8:AH8) -> 0 | AS8: =SUM(AJ8:AR8) -> 0 | BC8: =SUM(AT8:BB8) -> 0 | BM8: =SUM(BD8:BL8) -> 0 | BW8: =SUM(BN8:BV8) -> 0 | CG8: =SUM(BX8:CF8) -> 0 | CQ8: =SUM(CH8:CP8) -> 0 | DA8: =SUM(CR8:CZ8) -> 0 | DK8: =SUM(DB8:DJ8) -> 0 | DU8: =SUM(DL8:DT8) -> 0 | EE8: =SUM(DV8:ED8) -> 0 | EO8: =SUM(EF8:EN8) -> 0 | EY8: =SUM(EP8:EX8) -> 0 | FI8: =SUM(EZ8:FH8) -> 0 | FS8: =SUM(FJ8:FR8) -> 0 | GC8: =SUM(FT8:GB8) -> 0 | GM8: =SUM(GD8:GL8) -> 0 | GW8: =SUM(GN8:GV8) -> 0 | HG8: =SUM(GX8:HF8) -> 0 | HH8: =F8+P8+Z8+AJ8+AT8+BD8+BN8+BX8+CH8+CR8+DB8+DL8+DV8+EF8+EP8+EZ8+FJ8+FT8+GD8+GN8+GX8 -> 0 | HI8: =G8+Q8+AA8+AK8+AU8+BE8+BO8+BY8+CI8+CS8+DC8+DM8+DW8+EG8+EQ8+FA8+FK8+FU8+GE8+GO8+GY8 -> 0 | HJ8: =H8+R8+AB8+AL8+AV8+BF8+BP8+BZ8+CJ8+CT8+DD8+DN8+DX8+EH8+ER8+FB8+FL8+FV8+GF8+GP8+GZ8 -> 0 | HK8: =I8+S8+AC8+AM8+AW8+BG8+BQ8+CA8+CK8+CU8+DE8+DO8+DY8+EI8+ES8+FC8+FM8+FW8+GG8+GQ8+HA8 -> 0 | HL8: =J8+T8+AD8+AN8+AX8+BH8+BR8+CB8+CL8+CV8+DF8+DP8+DZ8+EJ8+ET8+FD8+FN8+FX8+GH8+GR8+HB8 -> 0 | HM8: =K8+U8+AE8+AO8+AY8+BI8+BS8+CC8+CM8+CW8+DG8+DQ8+EA8+EK8+EU8+FE8+FO8+FY8+GI8+GS8+HC8 -> 0 | HN8: =L8+V8+AF8+AP8+AZ8+BJ8+BT8+CD8+CN8+CX8+DH8+DR8+EB8+EL8+EV8+FF8+FP8+FZ8+GJ8+GT8+HD8 -> 0 | HO8: =M8+W8+AG8+AQ8+BA8+BK8+BU8+CE8+CO8+CY8+DI8+DS8+EC8+EM8+EW8+FG8+FQ8+GA8+GK8+GU8+HE8 -> 0 | HP8: =N8+X8+AH8+AR8+BB8+BL8+BV8+CF8+CP8+CZ8+DJ8+DT8+ED8+EN8+EX8+FH8+FR8+GB8+GL8+GV8+HF8 -> 0 | HQ8: =SUM(HH8:HP8) -> 0
A9: Seleziona | E9: --Seleziona-- | O9: =SUM(F9:N9) -> 0 | Y9: =SUM(P9:X9) -> 0 | AI9: =SUM(Z9:AH9) -> 0 | AS9: =SUM(AJ9:AR9) -> 0 | BC9: =SUM(AT9:BB9) -> 0 | BM9: =SUM(BD9:BL9) -> 0 | BW9: =SUM(BN9:BV9) -> 0 | CG9: =SUM(BX9:CF9) -> 0 | CQ9: =SUM(CH9:CP9) -> 0 | DA9: =SUM(CR9:CZ9) -> 0 | DK9: =SUM(DB9:DJ9) -> 0 | DU9: =SUM(DL9:DT9) -> 0 | EE9: =SUM(DV9:ED9) -> 0 | EO9: =SUM(EF9:EN9) -> 0 | EY9: =SUM(EP9:EX9) -> 0 | FI9: =SUM(EZ9:FH9) -> 0 | FS9: =SUM(FJ9:FR9) -> 0 | GC9: =SUM(FT9:GB9) -> 0 | GM9: =SUM(GD9:GL9) -> 0 | GW9: =SUM(GN9:GV9) -> 0 | HG9: =SUM(GX9:HF9) -> 0 | HH9: =F9+P9+Z9+AJ9+AT9+BD9+BN9+BX9+CH9+CR9+DB9+DL9+DV9+EF9+EP9+EZ9+FJ9+FT9+GD9+GN9+GX9 -> 0 | HI9: =G9+Q9+AA9+AK9+AU9+BE9+BO9+BY9+CI9+CS9+DC9+DM9+DW9+EG9+EQ9+FA9+FK9+FU9+GE9+GO9+GY9 -> 0 | HJ9: =H9+R9+AB9+AL9+AV9+BF9+BP9+BZ9+CJ9+CT9+DD9+DN9+DX9+EH9+ER9+FB9+FL9+FV9+GF9+GP9+GZ9 -> 0 | HK9: =I9+S9+AC9+AM9+AW9+BG9+BQ9+CA9+CK9+CU9+DE9+DO9+DY9+EI9+ES9+FC9+FM9+FW9+GG9+GQ9+HA9 -> 0 | HL9: =J9+T9+AD9+AN9+AX9+BH9+BR9+CB9+CL9+CV9+DF9+DP9+DZ9+EJ9+ET9+FD9+FN9+FX9+GH9+GR9+HB9 -> 0 | HM9: =K9+U9+AE9+AO9+AY9+BI9+BS9+CC9+CM9+CW9+DG9+DQ9+EA9+EK9+EU9+FE9+FO9+FY9+GI9+GS9+HC9 -> 0 | HN9: =L9+V9+AF9+AP9+AZ9+BJ9+BT9+CD9+CN9+CX9+DH9+DR9+EB9+EL9+EV9+FF9+FP9+FZ9+GJ9+GT9+HD9 -> 0 | HO9: =M9+W9+AG9+AQ9+BA9+BK9+BU9+CE9+CO9+CY9+DI9+DS9+EC9+EM9+EW9+FG9+FQ9+GA9+GK9+GU9+HE9 -> 0 | HP9: =N9+X9+AH9+AR9+BB9+BL9+BV9+CF9+CP9+CZ9+DJ9+DT9+ED9+EN9+EX9+FH9+FR9+GB9+GL9+GV9+HF9 -> 0 | HQ9: =SUM(HH9:HP9) -> 0
A10: Seleziona | E10: --Seleziona-- | O10: =SUM(F10:N10) -> 0 | Y10: =SUM(P10:X10) -> 0 | AI10: =SUM(Z10:AH10) -> 0 | AS10: =SUM(AJ10:AR10) -> 0 | BC10: =SUM(AT10:BB10) -> 0 | BM10: =SUM(BD10:BL10) -> 0 | BW10: =SUM(BN10:BV10) -> 0 | CG10: =SUM(BX10:CF10) -> 0 | CQ10: =SUM(CH10:CP10) -> 0 | DA10: =SUM(CR10:CZ10) -> 0 | DK10: =SUM(DB10:DJ10) -> 0 | DU10: =SUM(DL10:DT10) -> 0 | EE10: =SUM(DV10:ED10) -> 0 | EO10: =SUM(EF10:EN10) -> 0 | EY10: =SUM(EP10:EX10) -> 0 | FI10: =SUM(EZ10:FH10) -> 0 | FS10: =SUM(FJ10:FR10) -> 0 | GC10: =SUM(FT10:GB10) -> 0 | GM10: =SUM(GD10:GL10) -> 0 | GW10: =SUM(GN10:GV10) -> 0 | HG10: =SUM(GX10:HF10) -> 0 | HH10: =F10+P10+Z10+AJ10+AT10+BD10+BN10+BX10+CH10+CR10+DB10+DL10+DV10+EF10+EP10+EZ10+FJ10+FT10+GD10+GN10+GX10 -> 0 | HI10: =G10+Q10+AA10+AK10+AU10+BE10+BO10+BY10+CI10+CS10+DC10+DM10+DW10+EG10+EQ10+FA10+FK10+FU10+GE10+GO10+GY10 -> 0 | HJ10: =H10+R10+AB10+AL10+AV10+BF10+BP10+BZ10+CJ10+CT10+DD10+DN10+DX10+EH10+ER10+FB10+FL10+FV10+GF10+GP10+GZ10 -> 0 | HK10: =I10+S10+AC10+AM10+AW10+BG10+BQ10+CA10+CK10+CU10+DE10+DO10+DY10+EI10+ES10+FC10+FM10+FW10+GG10+GQ10+HA10 -> 0 | HL10: =J10+T10+AD10+AN10+AX10+BH10+BR10+CB10+CL10+CV10+DF10+DP10+DZ10+EJ10+ET10+FD10+FN10+FX10+GH10+GR10+HB10 -> 0 | HM10: =K10+U10+AE10+AO10+AY10+BI10+BS10+CC10+CM10+CW10+DG10+DQ10+EA10+EK10+EU10+FE10+FO10+FY10+GI10+GS10+HC10 -> 0 | HN10: =L10+V10+AF10+AP10+AZ10+BJ10+BT10+CD10+CN10+CX10+DH10+DR10+EB10+EL10+EV10+FF10+FP10+FZ10+GJ10+GT10+HD10 -> 0 | HO10: =M10+W10+AG10+AQ10+BA10+BK10+BU10+CE10+CO10+CY10+DI10+DS10+EC10+EM10+EW10+FG10+FQ10+GA10+GK10+GU10+HE10 -> 0 | HP10: =N10+X10+AH10+AR10+BB10+BL10+BV10+CF10+CP10+CZ10+DJ10+DT10+ED10+EN10+EX10+FH10+FR10+GB10+GL10+GV10+HF10 -> 0 | HQ10: =SUM(HH10:HP10) -> 0
A11: Seleziona | E11: --Seleziona-- | O11: =SUM(F11:N11) -> 0 | Y11: =SUM(P11:X11) -> 0 | AI11: =SUM(Z11:AH11) -> 0 | AS11: =SUM(AJ11:AR11) -> 0 | BC11: =SUM(AT11:BB11) -> 0 | BM11: =SUM(BD11:BL11) -> 0 | BW11: =SUM(BN11:BV11) -> 0 | CG11: =SUM(BX11:CF11) -> 0 | CQ11: =SUM(CH11:CP11) -> 0 | DA11: =SUM(CR11:CZ11) -> 0 | DK11: =SUM(DB11:DJ11) -> 0 | DU11: =SUM(DL11:DT11) -> 0 | EE11: =SUM(DV11:ED11) -> 0 | EO11: =SUM(EF11:EN11) -> 0 | EY11: =SUM(EP11:EX11) -> 0 | FI11: =SUM(EZ11:FH11) -> 0 | FS11: =SUM(FJ11:FR11) -> 0 | GC11: =SUM(FT11:GB11) -> 0 | GM11: =SUM(GD11:GL11) -> 0 | GW11: =SUM(GN11:GV11) -> 0 | HG11: =SUM(GX11:HF11) -> 0 | HH11: =F11+P11+Z11+AJ11+AT11+BD11+BN11+BX11+CH11+CR11+DB11+DL11+DV11+EF11+EP11+EZ11+FJ11+FT11+GD11+GN11+GX11 -> 0 | HI11: =G11+Q11+AA11+AK11+AU11+BE11+BO11+BY11+CI11+CS11+DC11+DM11+DW11+EG11+EQ11+FA11+FK11+FU11+GE11+GO11+GY11 -> 0 | HJ11: =H11+R11+AB11+AL11+AV11+BF11+BP11+BZ11+CJ11+CT11+DD11+DN11+DX11+EH11+ER11+FB11+FL11+FV11+GF11+GP11+GZ11 -> 0 | HK11: =I11+S11+AC11+AM11+AW11+BG11+BQ11+CA11+CK11+CU11+DE11+DO11+DY11+EI11+ES11+FC11+FM11+FW11+GG11+GQ11+HA11 -> 0 | HL11: =J11+T11+AD11+AN11+AX11+BH11+BR11+CB11+CL11+CV11+DF11+DP11+DZ11+EJ11+ET11+FD11+FN11+FX11+GH11+GR11+HB11 -> 0 | HM11: =K11+U11+AE11+AO11+AY11+BI11+BS11+CC11+CM11+CW11+DG11+DQ11+EA11+EK11+EU11+FE11+FO11+FY11+GI11+GS11+HC11 -> 0 | HN11: =L11+V11+AF11+AP11+AZ11+BJ11+BT11+CD11+CN11+CX11+DH11+DR11+EB11+EL11+EV11+FF11+FP11+FZ11+GJ11+GT11+HD11 -> 0 | HO11: =M11+W11+AG11+AQ11+BA11+BK11+BU11+CE11+CO11+CY11+DI11+DS11+EC11+EM11+EW11+FG11+FQ11+GA11+GK11+GU11+HE11 -> 0 | HP11: =N11+X11+AH11+AR11+BB11+BL11+BV11+CF11+CP11+CZ11+DJ11+DT11+ED11+EN11+EX11+FH11+FR11+GB11+GL11+GV11+HF11 -> 0 | HQ11: =SUM(HH11:HP11) -> 0
A12: Seleziona | E12: --Seleziona-- | O12: =SUM(F12:N12) -> 0 | Y12: =SUM(P12:X12) -> 0 | AI12: =SUM(Z12:AH12) -> 0 | AS12: =SUM(AJ12:AR12) -> 0 | BC12: =SUM(AT12:BB12) -> 0 | BM12: =SUM(BD12:BL12) -> 0 | BW12: =SUM(BN12:BV12) -> 0 | CG12: =SUM(BX12:CF12) -> 0 | CQ12: =SUM(CH12:CP12) -> 0 | DA12: =SUM(CR12:CZ12) -> 0 | DK12: =SUM(DB12:DJ12) -> 0 | DU12: =SUM(DL12:DT12) -> 0 | EE12: =SUM(DV12:ED12) -> 0 | EO12: =SUM(EF12:EN12) -> 0 | EY12: =SUM(EP12:EX12) -> 0 | FI12: =SUM(EZ12:FH12) -> 0 | FS12: =SUM(FJ12:FR12) -> 0 | GC12: =SUM(FT12:GB12) -> 0 | GM12: =SUM(GD12:GL12) -> 0 | GW12: =SUM(GN12:GV12) -> 0 | HG12: =SUM(GX12:HF12) -> 0 | HH12: =F12+P12+Z12+AJ12+AT12+BD12+BN12+BX12+CH12+CR12+DB12+DL12+DV12+EF12+EP12+EZ12+FJ12+FT12+GD12+GN12+GX12 -> 0 | HI12: =G12+Q12+AA12+AK12+AU12+BE12+BO12+BY12+CI12+CS12+DC12+DM12+DW12+EG12+EQ12+FA12+FK12+FU12+GE12+GO12+GY12 -> 0 | HJ12: =H12+R12+AB12+AL12+AV12+BF12+BP12+BZ12+CJ12+CT12+DD12+DN12+DX12+EH12+ER12+FB12+FL12+FV12+GF12+GP12+GZ12 -> 0 | HK12: =I12+S12+AC12+AM12+AW12+BG12+BQ12+CA12+CK12+CU12+DE12+DO12+DY12+EI12+ES12+FC12+FM12+FW12+GG12+GQ12+HA12 -> 0 | HL12: =J12+T12+AD12+AN12+AX12+BH12+BR12+CB12+CL12+CV12+DF12+DP12+DZ12+EJ12+ET12+FD12+FN12+FX12+GH12+GR12+HB12 -> 0 | HM12: =K12+U12+AE12+AO12+AY12+BI12+BS12+CC12+CM12+CW12+DG12+DQ12+EA12+EK12+EU12+FE12+FO12+FY12+GI12+GS12+HC12 -> 0 | HN12: =L12+V12+AF12+AP12+AZ12+BJ12+BT12+CD12+CN12+CX12+DH12+DR12+EB12+EL12+EV12+FF12+FP12+FZ12+GJ12+GT12+HD12 -> 0 | HO12: =M12+W12+AG12+AQ12+BA12+BK12+BU12+CE12+CO12+CY12+DI12+DS12+EC12+EM12+EW12+FG12+FQ12+GA12+GK12+GU12+HE12 -> 0 | HP12: =N12+X12+AH12+AR12+BB12+BL12+BV12+CF12+CP12+CZ12+DJ12+DT12+ED12+EN12+EX12+FH12+FR12+GB12+GL12+GV12+HF12 -> 0 | HQ12: =SUM(HH12:HP12) -> 0
A13: Seleziona | E13: --Seleziona-- | O13: =SUM(F13:N13) -> 0 | Y13: =SUM(P13:X13) -> 0 | AI13: =SUM(Z13:AH13) -> 0 | AS13: =SUM(AJ13:AR13) -> 0 | BC13: =SUM(AT13:BB13) -> 0 | BM13: =SUM(BD13:BL13) -> 0 | BW13: =SUM(BN13:BV13) -> 0 | CG13: =SUM(BX13:CF13) -> 0 | CQ13: =SUM(CH13:CP13) -> 0 | DA13: =SUM(CR13:CZ13) -> 0 | DK13: =SUM(DB13:DJ13) -> 0 | DU13: =SUM(DL13:DT13) -> 0 | EE13: =SUM(DV13:ED13) -> 0 | EO13: =SUM(EF13:EN13) -> 0 | EY13: =SUM(EP13:EX13) -> 0 | FI13: =SUM(EZ13:FH13) -> 0 | FS13: =SUM(FJ13:FR13) -> 0 | GC13: =SUM(FT13:GB13) -> 0 | GM13: =SUM(GD13:GL13) -> 0 | GW13: =SUM(GN13:GV13) -> 0 | HG13: =SUM(GX13:HF13) -> 0 | HH13: =F13+P13+Z13+AJ13+AT13+BD13+BN13+BX13+CH13+CR13+DB13+DL13+DV13+EF13+EP13+EZ13+FJ13+FT13+GD13+GN13+GX13 -> 0 | HI13: =G13+Q13+AA13+AK13+AU13+BE13+BO13+BY13+CI13+CS13+DC13+DM13+DW13+EG13+EQ13+FA13+FK13+FU13+GE13+GO13+GY13 -> 0 | HJ13: =H13+R13+AB13+AL13+AV13+BF13+BP13+BZ13+CJ13+CT13+DD13+DN13+DX13+EH13+ER13+FB13+FL13+FV13+GF13+GP13+GZ13 -> 0 | HK13: =I13+S13+AC13+AM13+AW13+BG13+BQ13+CA13+CK13+CU13+DE13+DO13+DY13+EI13+ES13+FC13+FM13+FW13+GG13+GQ13+HA13 -> 0 | HL13: =J13+T13+AD13+AN13+AX13+BH13+BR13+CB13+CL13+CV13+DF13+DP13+DZ13+EJ13+ET13+FD13+FN13+FX13+GH13+GR13+HB13 -> 0 | HM13: =K13+U13+AE13+AO13+AY13+BI13+BS13+CC13+CM13+CW13+DG13+DQ13+EA13+EK13+EU13+FE13+FO13+FY13+GI13+GS13+HC13 -> 0 | HN13: =L13+V13+AF13+AP13+AZ13+BJ13+BT13+CD13+CN13+CX13+DH13+DR13+EB13+EL13+EV13+FF13+FP13+FZ13+GJ13+GT13+HD13 -> 0 | HO13: =M13+W13+AG13+AQ13+BA13+BK13+BU13+CE13+CO13+CY13+DI13+DS13+EC13+EM13+EW13+FG13+FQ13+GA13+GK13+GU13+HE13 -> 0 | HP13: =N13+X13+AH13+AR13+BB13+BL13+BV13+CF13+CP13+CZ13+DJ13+DT13+ED13+EN13+EX13+FH13+FR13+GB13+GL13+GV13+HF13 -> 0 | HQ13: =SUM(HH13:HP13) -> 0
A14: Seleziona | E14: --Seleziona-- | O14: =SUM(F14:N14) -> 0 | Y14: =SUM(P14:X14) -> 0 | AI14: =SUM(Z14:AH14) -> 0 | AS14: =SUM(AJ14:AR14) -> 0 | BC14: =SUM(AT14:BB14) -> 0 | BM14: =SUM(BD14:BL14) -> 0 | BW14: =SUM(BN14:BV14) -> 0 | CG14: =SUM(BX14:CF14) -> 0 | CQ14: =SUM(CH14:CP14) -> 0 | DA14: =SUM(CR14:CZ14) -> 0 | DK14: =SUM(DB14:DJ14) -> 0 | DU14: =SUM(DL14:DT14) -> 0 | EE14: =SUM(DV14:ED14) -> 0 | EO14: =SUM(EF14:EN14) -> 0 | EY14: =SUM(EP14:EX14) -> 0 | FI14: =SUM(EZ14:FH14) -> 0 | FS14: =SUM(FJ14:FR14) -> 0 | GC14: =SUM(FT14:GB14) -> 0 | GM14: =SUM(GD14:GL14) -> 0 | GW14: =SUM(GN14:GV14) -> 0 | HG14: =SUM(GX14:HF14) -> 0 | HH14: =F14+P14+Z14+AJ14+AT14+BD14+BN14+BX14+CH14+CR14+DB14+DL14+DV14+EF14+EP14+EZ14+FJ14+FT14+GD14+GN14+GX14 -> 0 | HI14: =G14+Q14+AA14+AK14+AU14+BE14+BO14+BY14+CI14+CS14+DC14+DM14+DW14+EG14+EQ14+FA14+FK14+FU14+GE14+GO14+GY14 -> 0 | HJ14: =H14+R14+AB14+AL14+AV14+BF14+BP14+BZ14+CJ14+CT14+DD14+DN14+DX14+EH14+ER14+FB14+FL14+FV14+GF14+GP14+GZ14 -> 0 | HK14: =I14+S14+AC14+AM14+AW14+BG14+BQ14+CA14+CK14+CU14+DE14+DO14+DY14+EI14+ES14+FC14+FM14+FW14+GG14+GQ14+HA14 -> 0 | HL14: =J14+T14+AD14+AN14+AX14+BH14+BR14+CB14+CL14+CV14+DF14+DP14+DZ14+EJ14+ET14+FD14+FN14+FX14+GH14+GR14+HB14 -> 0 | HM14: =K14+U14+AE14+AO14+AY14+BI14+BS14+CC14+CM14+CW14+DG14+DQ14+EA14+EK14+EU14+FE14+FO14+FY14+GI14+GS14+HC14 -> 0 | HN14: =L14+V14+AF14+AP14+AZ14+BJ14+BT14+CD14+CN14+CX14+DH14+DR14+EB14+EL14+EV14+FF14+FP14+FZ14+GJ14+GT14+HD14 -> 0 | HO14: =M14+W14+AG14+AQ14+BA14+BK14+BU14+CE14+CO14+CY14+DI14+DS14+EC14+EM14+EW14+FG14+FQ14+GA14+GK14+GU14+HE14 -> 0 | HP14: =N14+X14+AH14+AR14+BB14+BL14+BV14+CF14+CP14+CZ14+DJ14+DT14+ED14+EN14+EX14+FH14+FR14+GB14+GL14+GV14+HF14 -> 0 | HQ14: =SUM(HH14:HP14) -> 0
A15: Seleziona | E15: --Seleziona-- | O15: =SUM(F15:N15) -> 0 | Y15: =SUM(P15:X15) -> 0 | AI15: =SUM(Z15:AH15) -> 0 | AS15: =SUM(AJ15:AR15) -> 0 | BC15: =SUM(AT15:BB15) -> 0 | BM15: =SUM(BD15:BL15) -> 0 | BW15: =SUM(BN15:BV15) -> 0 | CG15: =SUM(BX15:CF15) -> 0 | CQ15: =SUM(CH15:CP15) -> 0 | DA15: =SUM(CR15:CZ15) -> 0 | DK15: =SUM(DB15:DJ15) -> 0 | DU15: =SUM(DL15:DT15) -> 0 | EE15: =SUM(DV15:ED15) -> 0 | EO15: =SUM(EF15:EN15) -> 0 | EY15: =SUM(EP15:EX15) -> 0 | FI15: =SUM(EZ15:FH15) -> 0 | FS15: =SUM(FJ15:FR15) -> 0 | GC15: =SUM(FT15:GB15) -> 0 | GM15: =SUM(GD15:GL15) -> 0 | GW15: =SUM(GN15:GV15) -> 0 | HG15: =SUM(GX15:HF15) -> 0 | HH15: =F15+P15+Z15+AJ15+AT15+BD15+BN15+BX15+CH15+CR15+DB15+DL15+DV15+EF15+EP15+EZ15+FJ15+FT15+GD15+GN15+GX15 -> 0 | HI15: =G15+Q15+AA15+AK15+AU15+BE15+BO15+BY15+CI15+CS15+DC15+DM15+DW15+EG15+EQ15+FA15+FK15+FU15+GE15+GO15+GY15 -> 0 | HJ15: =H15+R15+AB15+AL15+AV15+BF15+BP15+BZ15+CJ15+CT15+DD15+DN15+DX15+EH15+ER15+FB15+FL15+FV15+GF15+GP15+GZ15 -> 0 | HK15: =I15+S15+AC15+AM15+AW15+BG15+BQ15+CA15+CK15+CU15+DE15+DO15+DY15+EI15+ES15+FC15+FM15+FW15+GG15+GQ15+HA15 -> 0 | HL15: =J15+T15+AD15+AN15+AX15+BH15+BR15+CB15+CL15+CV15+DF15+DP15+DZ15+EJ15+ET15+FD15+FN15+FX15+GH15+GR15+HB15 -> 0 | HM15: =K15+U15+AE15+AO15+AY15+BI15+BS15+CC15+CM15+CW15+DG15+DQ15+EA15+EK15+EU15+FE15+FO15+FY15+GI15+GS15+HC15 -> 0 | HN15: =L15+V15+AF15+AP15+AZ15+BJ15+BT15+CD15+CN15+CX15+DH15+DR15+EB15+EL15+EV15+FF15+FP15+FZ15+GJ15+GT15+HD15 -> 0 | HO15: =M15+W15+AG15+AQ15+BA15+BK15+BU15+CE15+CO15+CY15+DI15+DS15+EC15+EM15+EW15+FG15+FQ15+GA15+GK15+GU15+HE15 -> 0 | HP15: =N15+X15+AH15+AR15+BB15+BL15+BV15+CF15+CP15+CZ15+DJ15+DT15+ED15+EN15+EX15+FH15+FR15+GB15+GL15+GV15+HF15 -> 0 | HQ15: =SUM(HH15:HP15) -> 0
A16: Seleziona | E16: --Seleziona-- | O16: =SUM(F16:N16) -> 0 | Y16: =SUM(P16:X16) -> 0 | AI16: =SUM(Z16:AH16) -> 0 | AS16: =SUM(AJ16:AR16) -> 0 | BC16: =SUM(AT16:BB16) -> 0 | BM16: =SUM(BD16:BL16) -> 0 | BW16: =SUM(BN16:BV16) -> 0 | CG16: =SUM(BX16:CF16) -> 0 | CQ16: =SUM(CH16:CP16) -> 0 | DA16: =SUM(CR16:CZ16) -> 0 | DK16: =SUM(DB16:DJ16) -> 0 | DU16: =SUM(DL16:DT16) -> 0 | EE16: =SUM(DV16:ED16) -> 0 | EO16: =SUM(EF16:EN16) -> 0 | EY16: =SUM(EP16:EX16) -> 0 | FI16: =SUM(EZ16:FH16) -> 0 | FS16: =SUM(FJ16:FR16) -> 0 | GC16: =SUM(FT16:GB16) -> 0 | GM16: =SUM(GD16:GL16) -> 0 | GW16: =SUM(GN16:GV16) -> 0 | HG16: =SUM(GX16:HF16) -> 0 | HH16: =F16+P16+Z16+AJ16+AT16+BD16+BN16+BX16+CH16+CR16+DB16+DL16+DV16+EF16+EP16+EZ16+FJ16+FT16+GD16+GN16+GX16 -> 0 | HI16: =G16+Q16+AA16+AK16+AU16+BE16+BO16+BY16+CI16+CS16+DC16+DM16+DW16+EG16+EQ16+FA16+FK16+FU16+GE16+GO16+GY16 -> 0 | HJ16: =H16+R16+AB16+AL16+AV16+BF16+BP16+BZ16+CJ16+CT16+DD16+DN16+DX16+EH16+ER16+FB16+FL16+FV16+GF16+GP16+GZ16 -> 0 | HK16: =I16+S16+AC16+AM16+AW16+BG16+BQ16+CA16+CK16+CU16+DE16+DO16+DY16+EI16+ES16+FC16+FM16+FW16+GG16+GQ16+HA16 -> 0 | HL16: =J16+T16+AD16+AN16+AX16+BH16+BR16+CB16+CL16+CV16+DF16+DP16+DZ16+EJ16+ET16+FD16+FN16+FX16+GH16+GR16+HB16 -> 0 | HM16: =K16+U16+AE16+AO16+AY16+BI16+BS16+CC16+CM16+CW16+DG16+DQ16+EA16+EK16+EU16+FE16+FO16+FY16+GI16+GS16+HC16 -> 0 | HN16: =L16+V16+AF16+AP16+AZ16+BJ16+BT16+CD16+CN16+CX16+DH16+DR16+EB16+EL16+EV16+FF16+FP16+FZ16+GJ16+GT16+HD16 -> 0 | HO16: =M16+W16+AG16+AQ16+BA16+BK16+BU16+CE16+CO16+CY16+DI16+DS16+EC16+EM16+EW16+FG16+FQ16+GA16+GK16+GU16+HE16 -> 0 | HP16: =N16+X16+AH16+AR16+BB16+BL16+BV16+CF16+CP16+CZ16+DJ16+DT16+ED16+EN16+EX16+FH16+FR16+GB16+GL16+GV16+HF16 -> 0 | HQ16: =SUM(HH16:HP16) -> 0
A17: Seleziona | E17: --Seleziona-- | O17: =SUM(F17:N17) -> 0 | Y17: =SUM(P17:X17) -> 0 | AI17: =SUM(Z17:AH17) -> 0 | AS17: =SUM(AJ17:AR17) -> 0 | BC17: =SUM(AT17:BB17) -> 0 | BM17: =SUM(BD17:BL17) -> 0 | BW17: =SUM(BN17:BV17) -> 0 | CG17: =SUM(BX17:CF17) -> 0 | CQ17: =SUM(CH17:CP17) -> 0 | DA17: =SUM(CR17:CZ17) -> 0 | DK17: =SUM(DB17:DJ17) -> 0 | DU17: =SUM(DL17:DT17) -> 0 | EE17: =SUM(DV17:ED17) -> 0 | EO17: =SUM(EF17:EN17) -> 0 | EY17: =SUM(EP17:EX17) -> 0 | FI17: =SUM(EZ17:FH17) -> 0 | FS17: =SUM(FJ17:FR17) -> 0 | GC17: =SUM(FT17:GB17) -> 0 | GM17: =SUM(GD17:GL17) -> 0 | GW17: =SUM(GN17:GV17) -> 0 | HG17: =SUM(GX17:HF17) -> 0 | HH17: =F17+P17+Z17+AJ17+AT17+BD17+BN17+BX17+CH17+CR17+DB17+DL17+DV17+EF17+EP17+EZ17+FJ17+FT17+GD17+GN17+GX17 -> 0 | HI17: =G17+Q17+AA17+AK17+AU17+BE17+BO17+BY17+CI17+CS17+DC17+DM17+DW17+EG17+EQ17+FA17+FK17+FU17+GE17+GO17+GY17 -> 0 | HJ17: =H17+R17+AB17+AL17+AV17+BF17+BP17+BZ17+CJ17+CT17+DD17+DN17+DX17+EH17+ER17+FB17+FL17+FV17+GF17+GP17+GZ17 -> 0 | HK17: =I17+S17+AC17+AM17+AW17+BG17+BQ17+CA17+CK17+CU17+DE17+DO17+DY17+EI17+ES17+FC17+FM17+FW17+GG17+GQ17+HA17 -> 0 | HL17: =J17+T17+AD17+AN17+AX17+BH17+BR17+CB17+CL17+CV17+DF17+DP17+DZ17+EJ17+ET17+FD17+FN17+FX17+GH17+GR17+HB17 -> 0 | HM17: =K17+U17+AE17+AO17+AY17+BI17+BS17+CC17+CM17+CW17+DG17+DQ17+EA17+EK17+EU17+FE17+FO17+FY17+GI17+GS17+HC17 -> 0 | HN17: =L17+V17+AF17+AP17+AZ17+BJ17+BT17+CD17+CN17+CX17+DH17+DR17+EB17+EL17+EV17+FF17+FP17+FZ17+GJ17+GT17+HD17 -> 0 | HO17: =M17+W17+AG17+AQ17+BA17+BK17+BU17+CE17+CO17+CY17+DI17+DS17+EC17+EM17+EW17+FG17+FQ17+GA17+GK17+GU17+HE17 -> 0 | HP17: =N17+X17+AH17+AR17+BB17+BL17+BV17+CF17+CP17+CZ17+DJ17+DT17+ED17+EN17+EX17+FH17+FR17+GB17+GL17+GV17+HF17 -> 0 | HQ17: =SUM(HH17:HP17) -> 0

Sheet Piano finanziario generale
A1: Piano finanziario generale | B1: Torna all'indice
A2: Il seguente riepilogo viene calcolato in automatico in base alla compilazione della sezione "Attività e Costi" e ha il solo scopo di sintetizzare le informazioni finanziarie
A4: SPESA AMMISSIBILE
B5: €
A6: Contributo pubblico richiesto | B6: =B24 -> 0
A7: =IF(B6<>'Info generali'!B45,"Controllo totali: Attenzione! Il totale non coincide con il costo del progetto","Controllo totali: OK") -> Controllo totali: OK
A10: RIEPILOGO VOCI DI COSTO
A12: VOCI DI SPESA | B12: CONTRIBUTO PUBBLICO | C12: CAPOFILA | D12: PARTNER 1 | E12: PARTNER 2 | F12: PARTNER 3 | G12: PARTNER 4 | H12: PARTNER 5 | I12: PARTNER 6 | J12: PARTNER 7 | K12: PARTNER 8 | L12: PARTNER 9 | M12: PARTNER 10 | N12: PARTNER 11 | O12: PARTNER 12 | P12: PARTNER 13 | Q12: PARTNER 14 | R12: PARTNER 15 | S12: PARTNER 16 | T12: PARTNER 17 | U12: PARTNER 18 | V12: PARTNER 19 | W12: PARTNER 20
C13: =IF(Partenariato!B4<>0,Partenariato!B4,"") | D13: =IF(Partenariato!C4<>0,Partenariato!C4,"") | E13: =IF(Partenariato!D4<>0,Partenariato!D4,"") | F13: =IF(Partenariato!E4<>0,Partenariato!E4,"") | G13: =IF(Partenariato!F4<>0,Partenariato!F4,"") | H13: =IF(Partenariato!G4<>0,Partenariato!G4,"") | I13: =IF(Partenariato!H4<>0,Partenariato!H4,"") | J13: =IF(Partenariato!I4<>0,Partenariato!I4,"") | ... W13: =IF(Partenariato!V4<>0,Partenariato!V4,"")
B14: € | C14: € | D14: € | E14: € | F14: € | G14: € | H14: € | I14: € | J14: € | K14: € | L14: € | M14: € | N14: € | O14: € | P14: € | Q14: € | R14: € | S14: € | T14: € | U14: € | V14: € | W14: €
A15: 1. Costi amministrativi e legati alla costituzione e modifica del GC | B15: =C15+D15+E15+F15+G15+H15+I15+J15+K15+L15+M15+N15+O15+P15+Q15+R15+S15+T15+U15+V15+W15 -> 0 | C15: =SUM('Attività e Costi'!F8:F17) -> 0 | D15: =SUM('Attività e Costi'!P8:P17) -> 0 | E15: =SUM('Attività e Costi'!Z8:Z17) -> 0 | F15: =SUM('Attività e Costi'!AJ8:AJ17) -> 0 | G15: =SUM('Attività e Costi'!AT8:AT17) -> 0 | H15: =SUM('Attività e Costi'!BD8:BD17) -> 0 | I15: =SUM('Attività e Costi'!BN8:BN17) -> 0 | J15: =SUM('Attività e Costi'!BX8:BX17) -> 0 | K15: =SUM('Attività e Costi'!CH8:CH17) -> 0 | L15: =SUM('Attività e Costi'!CR8:CR17) -> 0 | M15: =SUM('Attività e Costi'!DB8:DB17) -> 0 | N15: =SUM('Attività e Costi'!DL8:DL17) -> 0 | O15: =SUM('Attività e Costi'!DV8:DV17) -> 0 | P15: =SUM('Attività e Costi'!EF8:EF17) -> 0 | Q15: =SUM('Attività e Costi'!EP8:EP17) -> 0 | R15: =SUM('Attività e Costi'!EZ8:EZ17) -> 0 | S15: =SUM('Attività e Costi'!FJ8:FJ17) -> 0 | T15: =SUM('Attività e Costi'!FT8:FT17) -> 0 | U15: =SUM('Attività e Costi'!GD8:GD17) -> 0 | V15: =SUM('Attività e Costi'!GN8:GN17) -> 0 | W15: =SUM('Attività e Costi'!GX8:GX17) -> 0
A16: 2. Spese del personale | B16: =C16+D16+E16+F16+G16+H16+I16+J16+K16+L16+M16+N16+O16+P16+Q16+R16+S16+T16+U16+V16+W16 -> 0 | C16: =SUM('Attività e Costi'!G8:G17) -> 0 | D16: =SUM('Attività e Costi'!Q8:Q17) -> 0 | E16: =SUM('Attività e Costi'!AA8:AA17) -> 0 | F16: =SUM('Attività e Costi'!AK8:AK17) -> 0 | G16: =SUM('Attività e Costi'!AU8:AU17) -> 0 | H16: =SUM('Attività e Costi'!BE8:BE17) -> 0 | I16: =SUM('Attività e Costi'!BO8:BO17) -> 0 | J16: =SUM('Attività e Costi'!BY8:BY17) -> 0 | K16: =SUM('Attività e Costi'!CI8:CI17) -> 0 | L16: =SUM('Attività e Costi'!CS8:CS17) -> 0 | M16: =SUM('Attività e Costi'!DC8:DC17) -> 0 | N16: =SUM('Attività e Costi'!DM8:DM17) -> 0 | O16: =SUM('Attività e Costi'!DW8:DW17) -> 0 | P16: =SUM('Attività e Costi'!EG8:EG17) -> 0 | Q16: =SUM('Attività e Costi'!EQ8:EQ17) -> 0 | R16: =SUM('Attività e Costi'!FA8:FA17) -> 0 | S16: =SUM('Attività e Costi'!FK8:FK17) -> 0 | T16: =SUM('Attività e Costi'!FU8:FU17) -> 0 | U16: =SUM('Attività e Costi'!GE8:GE17) -> 0 | V16: =SUM('Attività e Costi'!GO8:GO17) -> 0 | W16: =SUM('Attività e Costi'!GY8:GY17) -> 0
A17: 3. Corrispettivo economico per l'imprenditore agricolo e forestale | B17: =C17+D17+E17+F17+G17+H17+I17+J17+K17+L17+M17+N17+O17+P17+Q17+R17+S17+T17+U17+V17+W17 -> 0 | C17: =SUM('Attività e Costi'!H8:H17) -> 0 | D17: =SUM('Attività e Costi'!R8:R17) -> 0 | E17: =SUM('Attività e Costi'!AB8:AB17) -> 0 | F17: =SUM('Attività e Costi'!AL8:AL17) -> 0 | G17: =SUM('Attività e Costi'!AV8:AV17) -> 0 | H17: =SUM('Attività e Costi'!BF8:BF17) -> 0 | I17: =SUM('Attività e Costi'!BP8:BP17) -> 0 | J17: =SUM('Attività e Costi'!BZ8:BZ17) -> 0 | K17: =SUM('Attività e Costi'!CJ8:CJ17) -> 0 | L17: =SUM('Attività e Costi'!CT8:CT17) -> 0 | M17: =SUM('Attività e Costi'!DD8:DD17) -> 0 | N17: =SUM('Attività e Costi'!DN8:DN17) -> 0 | O17: =SUM('Attività e Costi'!DX8:DX17) -> 0 | P17: =SUM('Attività e Costi'!EH8:EH17) -> 0 | Q17: =SUM('Attività e Costi'!ER8:ER17) -> 0 | R17: =SUM('Attività e Costi'!FB8:FB17) -> 0 | S17: =SUM('Attività e Costi'!FL8:FL17) -> 0 | T17: =SUM('Attività e Costi'!FV8:FV17) -> 0 | U17: =SUM('Attività e Costi'!GF8:GF17) -> 0 | V17: =SUM('Attività e Costi'!GP8:GP17) -> 0 | W17: =SUM('Attività e Costi'!GZ8:GZ17) -> 0
A18: 4. Missioni e trasferte | B18: =C18+D18+E18+F18+G18+H18+I18+J18+K18+L18+M18+N18+O18+P18+Q18+R18+S18+T18+U18+V18+W18 -> 0 | C18: =SUM('Attività e Costi'!I8:I17) -> 0 | D18: =SUM('Attività e Costi'!S8:S17) -> 0 | E18: =SUM('Attività e Costi'!AC8:AC17) -> 0 | F18: =SUM('Attività e Costi'!AM8:AM17) -> 0 | G18: =SUM('Attività e Costi'!AW8:AW17) -> 0 | H18: =SUM('Attività e Costi'!BG8:BG17) -> 0 | I18: =SUM('Attività e Costi'!BQ8:BQ17) -> 0 | J18: =SUM('Attività e Costi'!CA8:CA17) -> 0 | K18: =SUM('Attività e Costi'!CK8:CK17) -> 0 | L18: =SUM('Attività e Costi'!CU8:CU17) -> 0 | M18: =SUM('Attività e Costi'!DE8:DE17) -> 0 | N18: =SUM('Attività e Costi'!DO8:DO17) -> 0 | O18: =SUM('Attività e Costi'!DY8:DY17) -> 0 | P18: =SUM('Attività e Costi'!EI8:EI17) -> 0 | Q18: =SUM('Attività e Costi'!ES8:ES17) -> 0 | R18: =SUM('Attività e Costi'!FC8:FC17) -> 0 | S18: =SUM('Attività e Costi'!FM8:FM17) -> 0 | T18: =SUM('Attività e Costi'!FW8:FW17) -> 0 | U18: =SUM('Attività e Costi'!GG8:GG17) -> 0 | V18: =SUM('Attività e Costi'!GQ8:GQ17) -> 0 | W18: =SUM('Attività e Costi'!HA8:HA17) -> 0
A19: 5 .Consulenze esterne e altri servizi | B19: =C19+D19+E19+F19+G19+H19+I19+J19+K19+L19+M19+N19+O19+P19+Q19+R19+S19+T19+U19+V19+W19 -> 0 | C19: =SUM('Attività e Costi'!J8:J17) -> 0 | D19: =SUM('Attività e Costi'!T8:T17) -> 0 | E19: =SUM('Attività e Costi'!AD8:AD17) -> 0 | F19: =SUM('Attività e Costi'!AN8:AN17) -> 0 | G19: =SUM('Attività e Costi'!AX8:AX17) -> 0 | H19: =SUM('Attività e Costi'!BH8:BH17) -> 0 | I19: =SUM('Attività e Costi'!BR8:BR17) -> 0 | J19: =SUM('Attività e Costi'!CB8:CB17) -> 0 | K19: =SUM('Attività e Costi'!CL8:CL17) -> 0 | L19: =SUM('Attività e Costi'!CV8:CV17) -> 0 | M19: =SUM('Attività e Costi'!DF8:DF17) -> 0 | N19: =SUM('Attività e Costi'!DP8:DP17) -> 0 | O19: =SUM('Attività e Costi'!DZ8:DZ17) -> 0 | P19: =SUM('Attività e Costi'!EJ8:EJ17) -> 0 | Q19: =SUM('Attività e Costi'!ET8:ET17) -> 0 | R19: =SUM('Attività e Costi'!FD8:FD17) -> 0 | S19: =SUM('Attività e Costi'!FN8:FN17) -> 0 | T19: =SUM('Attività e Costi'!FX8:FX17) -> 0 | U19: =SUM('Attività e Costi'!GH8:GH17) -> 0 | V19: =SUM('Attività e Costi'!GR8:GR17) -> 0 | W19: =SUM('Attività e Costi'!HB8:HB17) -> 0
A20: 6. Costi di coordinamento e gestione del progetto | B20: =C20+D20+E20+F20+G20+H20+I20+J20+K20+L20+M20+N20+O20+P20+Q20+R20+S20+T20+U20+V20+W20 -> 0 | C20: =SUM('Attività e Costi'!K8:K17) -> 0 | D20: =SUM('Attività e Costi'!U8:U17) -> 0 | E20: =SUM('Attività e Costi'!AE8:AE17) -> 0 | F20: =SUM('Attività e Costi'!AO8:AO17) -> 0 | G20: =SUM('Attività e Costi'!AY8:AY17) -> 0 | H20: =SUM('Attività e Costi'!BI8:BI17) -> 0 | I20: =SUM('Attività e Costi'!BS8:BS17) -> 0 | J20: =SUM('Attività e Costi'!CC8:CC17) -> 0 | K20: =SUM('Attività e Costi'!CM8:CM17) -> 0 | L20: =SUM('Attività e Costi'!CW8:CW17) -> 0 | M20: =SUM('Attività e Costi'!DG8:DG17) -> 0 | N20: =SUM('Attività e Costi'!DQ8:DQ17) -> 0 | O20: =SUM('Attività e Costi'!EA8:EA17) -> 0 | P20: =SUM('Attività e Costi'!EK8:EK17) -> 0 | Q20: =SUM('Attività e Costi'!EU8:EU17) -> 0 | R20: =SUM('Attività e Costi'!FE8:FE17) -> 0 | S20: =SUM('Attività e Costi'!FO8:FO17) -> 0 | T20: =SUM('Attività e Costi'!FY8:FY17) -> 0 | U20: =SUM('Attività e Costi'!GI8:GI17) -> 0 | V20: =SUM('Attività e Costi'!GS8:GS17) -> 0 | W20: =SUM('Attività e Costi'!HC8:HC17) -> 0
A21: 7. Costi indiretti | B21: =C21+D21+E21+F21+G21+H21+I21+J21+K21+L21+M21+N21+O21+P21+Q21+R21+S21+T21+U21+V21+W21 -> 0 | C21: =SUM('Attività e Costi'!L8:L17) -> 0 | D21: =SUM('Attività e Costi'!V8:V17) -> 0 | E21: =SUM('Attività e Costi'!AF8:AF17) -> 0 | F21: =SUM('Attività e Costi'!AP8:AP17) -> 0 | G21: =SUM('Attività e Costi'!AZ8:AZ17) -> 0 | H21: =SUM('Attività e Costi'!BJ8:BJ17) -> 0 | I21: =SUM('Attività e Costi'!BT8:BT17) -> 0 | J21: =SUM('Attività e Costi'!CD8:CD17) -> 0 | K21: =SUM('Attività e Costi'!CN8:CN17) -> 0 | L21: =SUM('Attività e Costi'!CX8:CX17) -> 0 | M21: =SUM('Attività e Costi'!DH8:DH17) -> 0 | N21: =SUM('Attività e Costi'!DR8:DR17) -> 0 | O21: =SUM('Attività e Costi'!EB8:EB17) -> 0 | P21: =SUM('Attività e Costi'!EL8:EL17) -> 0 | Q21: =SUM('Attività e Costi'!EV8:EV17) -> 0 | R21: =SUM('Attività e Costi'!FF8:FF17) -> 0 | S21: =SUM('Attività e Costi'!FP8:FP17) -> 0 | T21: =SUM('Attività e Costi'!FZ8:FZ17) -> 0 | U21: =SUM('Attività e Costi'!GJ8:GJ17) -> 0 | V21: =SUM('Attività e Costi'!GT8:GT17) -> 0 | W21: =SUM('Attività e Costi'!HD8:HD17) -> 0
A22: 8. Quote di ammortamento del materiale durevole | B22: =C22+D22+E22+F22+G22+H22+I22+J22+K22+L22+M22+N22+O22+P22+Q22+R22+S22+T22+U22+V22+W22 -> 0 | C22: =SUM('Attività e Costi'!M8:M17) -> 0 | D22: =SUM('Attività e Costi'!W8:W17) -> 0 | E22: =SUM('Attività e Costi'!AG8:AG17) -> 0 | F22: =SUM('Attività e Costi'!AQ8:AQ17) -> 0 | G22: =SUM('Attività e Costi'!BA8:BA17) -> 0 | H22: =SUM('Attività e Costi'!BK8:BK17) -> 0 | I22: =SUM('Attività e Costi'!BU8:BU17) -> 0 | J22: =SUM('Attività e Costi'!CE8:CE17) -> 0 | K22: =SUM('Attività e Costi'!CO8:CO17) -> 0 | L22: =SUM('Attività e Costi'!CY8:CY17) -> 0 | M22: =SUM('Attività e Costi'!DI8:DI17) -> 0 | N22: =SUM('Attività e Costi'!DS8:DS17) -> 0 | O22: =SUM('Attività e Costi'!EC8:EC17) -> 0 | P22: =SUM('Attività e Costi'!EM8:EM17) -> 0 | Q22: =SUM('Attività e Costi'!EW8:EW17) -> 0 | R22: =SUM('Attività e Costi'!FG8:FG17) -> 0 | S22: =SUM('Attività e Costi'!FQ8:FQ17) -> 0 | T22: =SUM('Attività e Costi'!GA8:GA17) -> 0 | U22: =SUM('Attività e Costi'!GK8:GK17) -> 0 | V22: =SUM('Attività e Costi'!GU8:GU17) -> 0 | W22: =SUM('Attività e Costi'!HE8:HE17) -> 0
A23: 9. Prototipi/Impianti pilota | B23: =C23+D23+E23+F23+G23+H23+I23+J23+K23+L23+M23+N23+O23+P23+Q23+R23+S23+T23+U23+V23+W23 -> 0 | C23: =SUM('Attività e Costi'!N8:N17) -> 0 | D23: =SUM('Attività e Costi'!X8:X17) -> 0 | E23: =SUM('Attività e Costi'!AH8:AH17) -> 0 | F23: =SUM('Attività e Costi'!AR8:AR17) -> 0 | G23: =SUM('Attività e Costi'!BB8:BB17) -> 0 | H23: =SUM('Attività e Costi'!BL8:BL17) -> 0 | I23: =SUM('Attività e Costi'!BV8:BV17) -> 0 | J23: =SUM('Attività e Costi'!CF8:CF17) -> 0 | K23: =SUM('Attività e Costi'!CP8:CP17) -> 0 | L23: =SUM('Attività e Costi'!CZ8:CZ17) -> 0 | M23: =SUM('Attività e Costi'!DJ8:DJ17) -> 0 | N23: =SUM('Attività e Costi'!DT8:DT17) -> 0 | O23: =SUM('Attività e Costi'!ED8:ED17) -> 0 | P23: =SUM('Attività e Costi'!EN8:EN17) -> 0 | Q23: =SUM('Attività e Costi'!EX8:EX17) -> 0 | R23: =SUM('Attività e Costi'!FH8:FH17) -> 0 | S23: =SUM('Attività e Costi'!FR8:FR17) -> 0 | T23: =SUM('Attività e Costi'!GB8:GB17) -> 0 | U23: =SUM('Attività e Costi'!GL8:GL17) -> 0 | V23: =SUM('Attività e Costi'!GV8:GV17) -> 0 | W23: =SUM('Attività e Costi'!HF8:HF17) -> 0
A24: TOTALE CONTRIBUTO PUBBLICO | B24: =C24+D24+E24+F24+G24+H24+I24+J24+K24+L24+M24+N24+O24+P24+Q24+R24+S24+T24+U24+V24+W24 -> 0 | C24: =SUM(C15:C23) -> 0 | D24: =SUM(D15:D23) -> 0 | E24: =SUM(E15:E23) -> 0 | F24: =SUM(F15:F23) -> 0 | G24: =SUM(G15:G23) -> 0 | H24: =SUM(H15:H23) -> 0 | I24: =SUM(I15:I23) -> 0 | J24: =SUM(J15:J23) -> 0 | ... W24: =SUM(W15:W23) -> 0

Sheet Risposte
A1: -- Seleziona --
A2: Sì
A3: No

Sheet Status
A1: Status progetto
A2: -- Seleziona --
A3: ongoing
A4: completed

Sheet Regioni
A1: Programma Sviluppo Rurale | B1: NUTS3 | C1: Regioni | D1: Territorialità
A2: -- Seleziona -- | B2: -- Seleziona -- | C2: -- Seleziona -- | D2: -- Seleziona --
A3: 2014IT06RDNP001: Italy - Rural Development Programme (National) | B3: ITC11 - Torino | C3: Italia | D3: Regionale
A4: 2014IT06RDRN001: Italy - Rural Network Programme | B4: ITC12 - Vercelli | C4: Abruzzo | D4: Interregionale
A5: 2014IT06RDRP001: Italy - Rural Development Programme (Regional) - Abruzzo | B5: ITC13 - Biella | C5: Bolzano | D5: Nazionale
A6: 2014IT06RDRP002: Italy - Rural Development Programme (Regional) - Bolzano | B6: ITC14 - Verbano-Cusio-Ossola | C6: Emilia-Romagna
A7: 2014IT06RDRP003: Italy - Rural Development Programme (Regional) - Emilia Romagna | B7: ITC15 - Novara | C7: Friuli-Venezia Giulia
A8: 2014IT06RDRP004: Italy - Rural Development Programme (Regional) - Friuli-Venezia Giulia | B8: ITC16 - Cuneo | C8: Lazio
A9: 2014IT06RDRP005: Italy - Rural Development Programme (Regional) - Lazio | B9: ITC17 - Asti | C9: Liguria
A10: 2014IT06RDRP006: Italy - Rural Development Programme (Regional) - Liguria | B10: ITC18 - Alessandria | C10: Lombardia
A11: 2014IT06RDRP007: Italy - Rural Development Programme (Regional) - Lombardia | B11: ITC20 - Aosta | C11: Marche
A12: 2014IT06RDRP008: Italy - Rural Development Programme (Regional) - Marche | B12: ITC31 - Imperia | C12: Piemonte
A13: 2014IT06RDRP009: Italy - Rural Development Programme (Regional) - Piemonte | B13: ITC32 - Savona | C13: Toscana
A14: 2014IT06RDRP010: Italy - Rural Development Programme (Regional) - Toscana | B14: ITC33 - Genova | C14: Trento
A15: 2014IT06RDRP011: Italy - Rural Development Programme (Regional) - Trento | B15: ITC34 - La Spezia | C15: Umbria
A16: 2014IT06RDRP012: Italy - Rural Development Programme (Regional) - Umbria | B16: ITC41 - Varese | C16: Valle d'Aosta
A17: 2014IT06RDRP013: Italy - Rural Development Programme (Regional) - Valle d'Aosta | B17: ITC42 - Como | C17: Veneto
... A24: 2014IT06RDRP020: Italy - Rural Development Programme (Regional) - Puglia | B24: ITC49 - Lodi | C24: Sicilia
A25: 2014IT06RDRP021: Italy - Rural Development Programme (Regional) - Sicilia | B25: ITC4A - Cremona
B26: ITC4B - Mantova
B27: ITD10 - South Tyrol
B28: ITD20 - Trento
B29: ITD31 - Verona
B30: ITD32 - Vicenza
B31: ITD33 - Belluno
B32: ITD34 - Treviso
B33: ITD35 - Venezia
B34: ITD36 - Padova
B35: ITD37 - Rovigo
B36: ITD41 - Pordenone
B37: ITD42 - Udine
... B109: ITG2C - Carbonia-Iglesias

Sheet Forma giuridica
A1: Forma giuridica
A2: -- Seleziona --
A3: ATI
A4: ATS
A5: Contratto di Rete
A6: Consorzio
A7: Altra forma giuridica

Sheet FA
A1: Priorità FEASR | B1: FOCUS AREA
A2: -- Seleziona -- | B2: -- Seleziona --
A3: P1 | B3: 1a) Stimolare l'innovazione e la base di conoscenze nelle zone rurali
B4: 1b) Rinsaldare i nessi tra agricoltura e silvicoltura, da un lato e ricerca e innovazione dall'altro
B5: 1c) Incoraggiare l'apprendimento lungo tutto l'arco della vita e la formazione professionale
A6: P2 | B6: 2a) Incoraggiare la ristrutturazione delle aziende agricole con problemi strutturali considerevoli
B7: 2b) Favorire il ricambio generazionale nel settore agricolo
A8: P3 | B8: 3a) Migliore integrazione dei produttori primari nella filiera agroalimentare attraverso i regimi di qualità, mercati locali e filiere corte
B9: 3b) Sostegno alla ìgestione dei rischi aziendali
A10: P4 | B10: 4a) Salvaguardia, ripristino della biodiversità, tra l'altro nelle zone Natura 2000
B11: 4b) Migliore gestione delle risorse idriche
B12: 4c) Migliore gestione del suolo
A13: P5 | B13: 5a) Rendere più efficiente l'uso dell'acqua nell'agricoltura
B14: 5b) Rendere più efficiente l'uso dell'energia nell'agricoltura e nell'industria alimentare
B15: 5c) Favorire l'approvvigionamento e l'utilizzo di fonti di energia rinnovabili, sottoprodotti, materiali di scarto e residui e altre materie grezze non alimentari ai fini della bioeconomia
B16: 5d) Ridurre le emissioni di metano e di protossido di azoto a carico dell'agricoltura
B17: 5e) Promuovere la conservazione e il sequestro del carbonio nel settore agricolo e forestale
A18: P6 | B18: 6a) Favorire la diversificazione, la creazione e lo sviluppo di piccole imprese nonché dell'occupazione
B19: 6b) Stimolare lo sviluppo locale nelle zone rurali
B20: 6c) Promuovere l'accessibilità, l'uso e la qualità delle tecnologie dell'informazione e della comunicazione (TIC) nelle zone rurali

Sheet Settore_Comparto
A1: Settori prodotti agricoli
A2: -- Seleziona --
A3: Cereali
A4: Riso
A5: Zucchero
A6: Foraggi essiccati
A7: Sementi
A8: Luppolo
A9: Olio di oliva e olive da tavola
A10: Lino e canapa
A11: Prodotti ortofrutticoli
A12: Prodotti ortofrutticoli trasformati
... A27: Altro

Sheet Keywords
A1: Lista Keyword - Italiano | B1: Lista Keyword - Inglese
A2: -Seleziona-- | B2: None
A3: Sistema di produzione agricola | B3: Agricultural production system
A4: Pratiche agricole | B4: Farming practice
A5: Attrezzature e macchinari agricoli | B5: Farming equipment and machinery
A6: Allevamento e benessere degli animali | B6: Animal husbandry and welfare
A7: Produzione di piante e orticoltura | B7: Plant production and horticulture
A8: Paesaggio / gestione del territorio | B8: Landscape /land management
A9: Parassiti / controllo delle malattia | B9: Pest /disease control
A10: Fertilizzazione e gestione delle sostanze nutritive | B10: Fertilisation and nutrients management
A11: Gestione del suolo / funzionalità | B11: Soil management / functionality
A12: Risorse genetiche | B12: Genetic resources
... A21: Competitività e diversificazione dell'attività agricola/forestale | B21: Farming/forestry competitiveness and diversification

Sheet Fonte finanziamento
A1: Fonte finanziamento | B1: Altra fonte | C1: Modalità di sovvenzione PSR
A2: -- Seleziona -- | B2: -- Seleziona -- | C2: -- Seleziona --
A3: Rural development programme | B3: Horizon 2020 | C3: Sovvenzione globale
A4: H2020 | B4: Altro fondo europeo | C4: Pacchetto di misure
A5: other EU | B5: Altro fondo nazionale
A6: national/regional | B6: Fondo privato
A7: private funds

Sheet Tipo Partner
A1: Tipologia di Enti | C1: Tipologia di Enti RRN | E1: Elenco Partner | G1: Matrice trasposta | H1: Denominazione Partner
A2: -- Seleziona -- | C2: -- Seleziona -- | E2: Capofila | G2: --Seleziona-- | H2: =G2 -> --Seleziona--
A3: farm holder | C3: Imprese agricole e forestali | E3: P1 | G3: Tutti | H3: =IF(G3<>0,G3,"") -> Tutti
A4: advisor | C4: Altre imprese | E4: P2 | G4: {=TRANSPOSE(Partenariato!B4:V4)} | H4: =IF(AND(G4<>0,G4<>""),G4,E2) -> Capofila
A5: research institute | C5: Università degli Studi e Enti di ricerca | E5: P3 | G5: 0 | H5: =IF(AND(G5<>0,G5<>""),G5,E3) -> P1
A6: SME | C6: Soggetti eroganti servizi di consulenza | E6: P4 | G6: 0 | H6: =IF(AND(G6<>0,G6<>""),G6,E4) -> P2
A7: NGO | C7: Agenzie locali di sviluppo (es. GAL, Laore, ecc.) | E7: P5 | G7: 0 | H7: =IF(AND(G7<>0,G7<>""),G7,E5) -> P3
A8: other | C8: Organizzazioni professionali agricole | E8: P6 | G8: 0 | H8: =IF(AND(G8<>0,G8<>""),G8,E6) -> P4
C9: Ordini e Associazioni professionali | E9: P7 | G9: 0 | H9: =IF(AND(G9<>0,G9<>""),G9,E7) -> P5
C10: Organizzazioni sindacali | E10: P8 | G10: 0 | H10: =IF(AND(G10<>0,G10<>""),G10,E8) -> P6
C11: Consorzi di tutela e di valorizzazione | E11: P9 | G11: 0 | H11: =IF(AND(G11<>0,G11<>""),G11,E9) -> P7
C12: Organizzazioni dei produttori e degli allevatori | E12: P10 | G12: 0 | H12: =IF(AND(G12<>0,G12<>""),G12,E10) -> P8
C13: Parchi tecnologici | E13: P11 | G13: 0 | H13: =IF(AND(G13<>0,G13<>""),G13,E11) -> P9
C14: Enti di formazione professionale | E14: P12 | G14: 0 | H14: =IF(AND(G14<>0,G14<>""),G14,E12) -> P10
C15: Enti di certificazione (es. di agricoltura biologica) | E15: P13 | G15: 0 | H15: =IF(AND(G15<>0,G15<>""),G15,E13) -> P11
C16: Associazioni ambientaliste e dei consumatori | E16: P14 | G16: 0 | H16: =IF(AND(G16<>0,G16<>""),G16,E14) -> P12
C17: Altri soggetti privati | E17: P15 | G17: 0 | H17: =IF(AND(G17<>0,G17<>""),G17,E15) -> P13
C18: Enti locali territoriali | E18: P16 | G18: 0 | H18: =IF(AND(G18<>0,G18<>""),G18,E16) -> P14
C19: Agenzie e Enti funzionali (es. agenzia protezione ambiente) | E19: P17 | G19: 0 | H19: =IF(AND(G19<>0,G19<>""),G19,E17) -> P15
C20: Altri soggetti pubblici | E20: P18 | G20: 0 | H20: =IF(AND(G20<>0,G20<>""),G20,E18) -> P16
E21: P19 | G21: 0 | H21: =IF(AND(G21<>0,G21<>""),G21,E19) -> P17
E22: P20 | G22: 0 | H22: =IF(AND(G22<>0,G22<>""),G22,E20) -> P18
G23: 0 | H23: =IF(AND(G23<>0,G23<>""),G23,E21) -> P19
G24: 0 | H24: =IF(AND(G24<>0,G24<>""),G24,E22) -> P20

Sheet USDA_CRIS
A1: Classificazione per aree problema (Tipo USDA/CRIS) | B1: Aree Problema | C1: Classificazione per aree problema (Tipo USDA/CRIS) | D1: Gestione_risorse_naturali | E1: Protezione_da_malattie | F1: Offerta_a_costi_decrescenti | G1: Sviluppo_prodotti_processi | H1: Efficienza_mercati | I1: Salute_nutrizione | J1: Sviluppo_aree_rurali | K1: Conoscenza
A2: -- Seleziona -- | B2: -- Seleziona -- | C2: -- Seleziona -- | D2: -- Seleziona -- | E2: -- Seleziona -- | F2: -- Seleziona -- | G2: -- Seleziona -- | H2: -- Seleziona -- | I2: -- Seleziona -- | J2: -- Seleziona -- | K2: -- Seleziona --
A3: Obiettivo I – Gestione equilibrata delle risorse naturali da parte di agricoltura, forestazione, pesca e acquacoltura | B3: 101 Valutazione della risorsa suolo, dal punto di vista chimico, fisico, agronomico | C3: Gestione_risorse_naturali | D3: Valutazione della risorsa suolo, dal punto di vista chimico, fisico, agronomico | E3: Controllo degli insetti che attaccano le foreste | F3: Genetica e miglioramento genetico degli alberi e di altre piante forestali | G3: Nuovi e migliorati prodotti forestali | H3: Miglioramento delle classificazioni e degli standards di prodotti vegetali ed animali | I3: Garantire prodotti alimentari esenti da contaminanti tossici, compresi i residui delle tecnologie agricole | J3: Qualità della vita | K3: Organizzazione della ricerca agricola
A4: Obiettivo II – Protezione delle coltivazioni, degli allevamenti zootecnici e ittici e delle foreste da malattie, insetti ed altri nemici | B4: 102 Interrelazioni tra pianta, suolo, acqua e nutrienti | C4: Protezione_da_malattie | D4: Interrelazioni tra pianta, suolo, acqua e nutrienti | E4: Controllo delle malattie, parassiti e nematodi che attaccano le piante forestali | F4: Nuovi sistemi migliorati di ingegneria forestale | G4: Produzione di frutti e vegetali con maggiore accettabilità dai consumatori | H4: Miglioramento dei mercati di prodotti forestali | I4: Proteggere gli alimenti per l’uomo ed i mangimi dai microrganismi pericolosi e dalle tossine naturali | J4: Evoluzione economica e sociale degli ambienti rurali | K4: Ricerca e società
A5: Obiettivo III – Offerta di prodotti agricoli, forestali e ittici a costi di produzione decrescenti | B5: 103 Gestione dei suoli salini e sodici e della salinità | C5: Offerta_a_costi_decrescenti | D5: Gestione dei suoli salini e sodici e della salinità | E5: Prevenzione e controllo degli incendi boschivi | F5: Economia della produzione forestale (di legno) | G5: Mantenimento della qualità di frutti e vegetali durante la conservazione e la distribuzione commerciale | H5: Miglioramento della classificazione e degli standards dei prodotti forestali | I5: Abitudini e scelte alimentari | J5: Cambiamenti strutturali dei sistemi agricoli | K5: Miglioramento dei sistemi di statistiche agricole
A6: Obiettivo IV – Sviluppo di nuovi prodotti e processi e miglioramento della qualità dei prodotti | B6: 104 Usi alternativi dei suoli | C6: Sviluppo_prodotti_processi | D6: Usi alternativi dei suoli | E6: Controllo di insetti, acari, lumache nelle coltivazioni erbacee, nei pascoli e nei fruttiferi | F6: Miglioramento dell’efficienza biologica delle produzioni vegetali | G6: Nuovi e migliorati prodotti alimentari derivati dalle produzioni di pieno campo | H6: Miglioramento dell’efficienza dei mercati dei prodotti agricoli e dei mezzi di produzione | I6: Servizi di ristorazione extradomestici | J6: Programmi di sostegno pubblico per equilibrare le produzioni e la domanda di mercato e per garantire un reddito equiparabile alle imprese agricole | K6: Processi di comunicazione, formazione professionale, assistenza tecnica e consulenza ai coltivatori e allevatori
A7: Obiettivo V – Miglioramento dell’efficienza dei mercati e assistenza ai Paesi terzi e ai PVS | B7: 105 Conservazione ed uso razionale dell’acqua (v.107) | C7: Efficienza_mercati | D7: Conservazione ed uso razionale dell’acqua | E7: Controllo delle malattie e dei nematodi delle coltivazioni erbacee, dei pascoli e dei fruttiferi | F7: Meccanizzazione della produzione di frutti e vegetali | G7: Nuovi e migliorati mangimi, prodotti tessili, ed altri prodotti industriali derivati da produzioni agricole, per produrre carta, colle, manufatti tessili, pitture, additivi, ecc. | H7: Analisi di domanda, offerta e prezzi di prodotti vegetali ed animali | I7: Scelte dei tessuti e loro caratteristiche | J7: Diminuire l’inquinamento dell’aria, acqua, e suolo | K7: Promozione di servizi nelle aree rurali
A8: Obiettivo VI – Protezione della salute e miglioramento della nutrizione dei consumatori | B8: 106 Sistemi efficienti di bonifica e irrigazione | C8: Salute_nutrizione | D8: Sistemi efficienti di bonifica e irrigazione | E8: Controllo delle erbe infestanti ed altri organismi nocivi per le colture | F8: Organizzazione dei sistemi produttivi di frutti, semi da consumo e vegetali | G8: Produzioni animali con maggiore accettabilità dai consumatori | H8: Analisi di domanda, offerta e prezzi per i prodotti forestali | I8: Controllo degli insetti dell’uomo | J8: Usi multipli delle aree forestali e programmi di forestazione
A9: Obiettivo VII – Promozione dello sviluppo economico, sociale e ambientale delle popolaz. rurali | B9: 107 Protezione e gestione delle risorse idriche (v.105) | C9: Sviluppo_aree_rurali | D9: Protezione e gestione delle risorse idriche | E9: Controllo di insetti e parassiti esterni che attaccano il bestiame, il pollame, le ittiocolture, ed altri animali | F9: Performance riproduttiva del bestiame, del pollame, delle ittiocolture e altri animali | G9: Nuovi e migliorati prodotti alimentari di origine animale (carni, latte, uova, pesce ecc.) | H9: Competitività a livello nazionale e internazionale | I9: Prevenzione della trasmissione di malattie e parassiti degli animali all’uomo | J9: Gli alberi nel miglioramento dell’ambiente rurale e urbano
A10: Obiettivo VIII – Sviluppo del sistema della conoscenza per l’agricoltura | B10: 108 Modificazioni climatiche e adattamento al clima delle coltivazioni | C10: Conoscenza | D10: Modificazioni climatiche e adattamento al clima delle coltivazioni | E10: Controllo di malattie del bestiame, del pollame, delle ittiocolture ed altri animali | F10: Miglioramento dell’efficienza biologica delle produzioni animali | G10: Nuovi e migliorati prodotti non alimentari di origine animale | H10: Performance dei mercati | I10: Nutrizione umana | J10: Protezione delle piante ornamentali e dei tappeti erbosi (*nelle aree urbane)
B11: 109 Studio e valutazione delle foreste e delle aree a pascolo | D11: Studio e valutazione delle foreste e delle aree a pascolo | E11: Controllo dei parassiti interni del bestiame, pollame, ittiocolture ed altri animali | F11: Stress ambientali nelle produzioni animali | G11: Mantenimento della qualità nella distribuzione commerciale dei prodotti animali | H11: Attività di gruppi (*organizzazioni di produttori, cooperazione, centri di raccolta e stoccaggio dei prodotti, catene di distribuzione, ecc.), di forme organizzative della produzione e mercati | I11: Sicurezza alimentare
B12: 110 Biologia, coltura e gestione delle foreste e delle colture da legno | D12: Biologia, coltura e gestione delle foreste e delle colture da legno | E12: Protezione del bestiame, pollame, ittiocolture ed altri animali da veleni chimici, piante velenose, ed altri pericoli | F12: Organizzazione dei sistemi di produzione animali | G12: Allestimento e messa a punto di piani Hccp e sistemi di qualità (ISO) per le produzioni primarie e trasformate | H12: Sviluppo delle attività dei mercati per l’esportazione
B13: 111 Miglioramento delle risorse da pascolo | D13: Miglioramento delle risorse da pascolo | E13: Protezione delle piante, degli animali e dell’uomo dagli effetti nocivi dell’inquinamento atmosferico | F13: Api ed altri insetti impollinatori | G13: Componenti della tipicità dei prodotti primari e dell’agroindustria e controllo dei processi produttivi | H13: Valutazione dei programmi di aiuti alimentari all’estero
B14: 112 Telerilevamento dei sistemi agricoli e forestali | D14: Telerilevamento dei sistemi agricoli e forestali | E14: Controllo dell’impatto sugli allevamenti ittici di specie ittiofaghe | F14: Miglioramento delle strutture e attrezzature dell’azienda | G14: Processi di trasformazione dei prodotti primari | H14: Assistenza tecnica ai Paesi terzi e ai Paesi in via di sviluppo
B15: 113 Gestione risorse e produzioni ittiche | D15: Gestione risorse e produzioni ittiche | F15: Problemi gestionali dell’azienda
B16: 201 Controllo degli insetti che attaccano le foreste | F16: Meccanizzazione e impianti impiegati nelle produzioni animali
B17: 202 Controllo delle malattie, parassiti e nematodi che attaccano le piante forestali | F17: Tecnologie biologiche e biometria non orientate alla produzione (non-commodity-oriented)
B18: 203 Prevenzione e controllo degli incendi boschivi | F18: Biotecnologie nelle produzioni vegetali per il superamento dei limiti della genetica classica
B19: 204 Controllo di insetti, acari, lumache nelle coltivazioni erbacee, nei pascoli e nei fruttiferi | F19: Protezione e conservazione della variabilità genetica naturale
B20: 205 Controllo delle malattie e dei nematodi delle coltivazioni erbacee, dei pascoli e dei fruttiferi
B21: 206 Controllo delle erbe infestanti ed altri organismi nocivi per le colture
B22: 207 Controllo di insetti e parassiti esterni che attaccano il bestiame, il pollame, le ittiocolture, ed altri animali
B23: 208 Controllo di malattie del bestiame, del pollame, delle ittiocolture ed altri animali
B24: 209 Controllo dei parassiti interni del bestiame, pollame, ittiocolture ed altri animali
B25: 210 Protezione del bestiame, pollame, ittiocolture ed altri animali da veleni chimici, piante velenose, ed altri pericoli
B26: 211 Protezione delle piante, degli animali e dell’uomo dagli effetti nocivi dell’inquinamento atmosferico
B27: 212 Controllo dell’impatto sugli allevamenti ittici di specie ittiofaghe
B28: 301 Genetica e miglioramento genetico degli alberi e di altre piante forestali
B29: 302 Nuovi sistemi migliorati di ingegneria forestale
B30: 303 Economia della produzione forestale (di legno)
B31: 304 Miglioramento dell’efficienza biologica delle produzioni vegetali
... B90: 805 Promozione di servizi nelle aree rurali

Sheet Caratteristiche Innovazione
A1: Caratteristiche
A2: -- Seleziona --
A3: Agronomiche
A4: Zootecniche
A5: Biologiche
A6: Biotecnologiche
A7: Chimiche
A8: Biochimiche
A9: Genetiche
A10: Tecnologiche
A11: Tecnico-produttive
A12: Informatiche
... A17: Altro

Sheet MAzioni
B1: Tipologia prodotti per azione
A2: Tipologia azioni | B2: Preparatorie | C2: Coordinamento_animazione | D2: Adattamento_innovazione | E2: Adozione_innovazione | F2: Divulgazione_altre_aziende | G2: Divulgazione_RRN_PEIAgri | H2: Monitoraggio | I2: Altro
A3: -- Seleziona -- | B3: -- Seleziona -- | C3: -- Seleziona -- | D3: -- Seleziona -- | E3: -- Seleziona -- | F3: -- Seleziona -- | G3: -- Seleziona -- | H3: -- Seleziona -- | I3: -- Seleziona --
A4: Preparatorie | B4: Verbale di riunione | C4: Verbale di riunione | D4: Elaborazione dati | E4: Documento | F4: Documento | G4: Documento | H4: Documento | I4: Altro
A5: Coordinamento_animazione | B5: Documento | C5: Documento | D5: Documento | E5: Manuale | F5: Opuscolo | G5: Opuscolo | H5: Strumenti multimediali
A6: Adattamento_innovazione | B6: Seminario | C6: Strumenti multimediali | D6: Allestimento prototipo | E6: Consulenza | F6: Strumenti multimediali | G6: Strumenti multimediali | H6: Altro
A7: Adozione_innovazione | B7: Altro | C7: Visita aziendale | D7: Prova in campo/allevamento | E7: Prova pratica | F7: Consulenza | G7: Seminario
A8: Divulgazione_altre_aziende | C8: Altro | D8: Prova laboratorio | E8: Altro | F8: Prova pratica | G8: Altro
A9: Divulgazione_RRN_PEIAgri | D9: Altro | F9: Seminario
A10: Monitoraggio | F10: Altro
A11: Altro

Sheet Effetti
A1: Effetti dell’innovazione
A2: -- Seleziona --
A3: Miglioramento produttività
A4: Miglioramento qualità prodotto
A5: Miglioramento commercializzazione
A6: Incremento dei margini di redditività aziendali
A7: Diversificazione dei prodotti
A8: Miglioramento qualitativo delle acque
A9: Miglioramento qualitativo dei suoli
A10: Miglioramento qualitativo dell’aria
A11: Tutela della biodiversità
A12: Risparmio energetico
... A19: Altro

Sheet Misure
A1: Misure PSR
A2: -- Seleziona --
A3: M01
A4: M02
A5: M03
A6: M04
A7: M05
A8: M06
A9: M07
A10: M08
A11: M09
A12: M10
... A20: M20

Sheet Attività divulgazione
A1: Attività di divulgazione | C1: Territorialià
A2: -- Seleziona -- | C2: -- Seleziona --
A3: Seminario | C3: Regionale
A4: Incontri per piccoli gruppi | C4: Nazionale
A5: Consulenza diretta | C5: Internazionale
A6: Campi e prove dimostrativi
A7: Visita guidata
A8: Documento
A9: Opuscolo
A10: Articolo divulgativo/scientifico
A11: Sito WEB
A12: App
A13: YouTube
A14: Facebook
A15: Twitter
A16: Video
A17: TV
... A21: Altro

Sheet MInterazione
A1: Incontri | C1: Partecipanti
A2: -- Seleziona -- | C2: -- Seleziona --
A3: Riunioni | C3: tutti i partner GO
A4: Laboratori/prove di collaudo | C4: impresa-ricerca
A5: Campi dimostrativi | C5: ricerca- consulenza
A6: Consulenza | C6: consulenza - impresa
A7: Altre modalità/luoghi | C7: impresa - impresa
C8: ricerca - ricerca
C9: consulenza - consulenza

Sheet Qualità del team di progetto
A1: Torna all'indice
A2: Caratteristiche/competenze dei soggetti che realizzano le attività di progetto e completezza del team | O2: Barrare il livello | Q2: Punteggio
A3: Descrivere le competenze e il relativo livello (basso, medio, alto) possedute dal team di progetto per la realizzazione dei servizi di supporto all'innovazione in agricoltura inseriti nel progetto (come, ad esempio, conoscenze specifiche in agronomia, scienze alimentari, marketing agricolo, sviluppo territoriale, comunicazione, gestione di progetti, ecc.) Basso: almeno il 50% dei componenti del team di progetto è in possesso delle competenze necessarie per realizzare le azioni programmate; Medio: almeno il 75% dei componenti del team di progetto è in possesso delle competenze necessarie per realizzare le azioni programmate; Alto: tutti i componenti del team di progetto possiedono le competenze necessarie per realizzare le azioni programmate. | B3: Dettaglio del personale (titolo di studio e profilo professionale/qualifica) di cui dispone ciascun partner coinvolto nella realizzazione del progetto | O3: Basso | P3: FALSE | Q3: 1
O4: Medio | P4: FALSE | Q4: 2
O5: Alto | P5: FALSE | Q5: 3
A6: Descrivere l'esperienza del team di progetto in termini di pregresse esperienze maturate dai componenti del team, il livello (basso, medio, alto) e relativa durata nella realizzazione dei servizi di supporto all’innovazione in agricoltura. Basso: almeno il 20% dei componenti del team di progetto ha maturato un’esperienza nella realizzazione di servizi di supporto all'innovazione in agricoltura; Medio: almeno il 40% dei componenti del team di progetto ha maturato un’esperienza nella realizzazione di servizi di supporto all'innovazione in agricoltura; Alto: almeno il 60% dei componenti del team di progetto ha maturato un’esperienza nella realizzazione di servizi di supporto all'innovazione in agricoltura. | B6: Elenco principali progetti e servizi realizzati | O6: Basso | P6: FALSE | Q6: 1
O7: Medio | P7: FALSE | Q7: 2
O8: Alto | P8: FALSE | Q8: 3

Sheet Quadro logico
A1: La compilazione della colonna indicatori è essenziale per la valutazione del criterio 1.1b | D1: Torna all'indice
A2: QUADRO LOGICO
C3: INDICATORI VERIFICABILI | D3: FONTI DI VERIFICA | E3: CONDIZIONI/IPOTESI
A6: OBIETTIVO GENERALE | B6: --Seleziona--
B7: --Seleziona--
B8: --Seleziona--
A9: OBIETTIVO SPECIFICO (indicare il predominante rispetto a quelli indicati al paragrafo 11 del bando)
A12: RISULTATI ATTESI
A15: ATTIVITA’ | B15: =IF('Attività e Costi'!B8="","",'Attività e Costi'!B8)
B16: =IF('Attività e Costi'!B9="","",'Attività e Costi'!B9)
B17: =IF('Attività e Costi'!B10="","",'Attività e Costi'!B10)
B18: =IF('Attività e Costi'!B11="","",'Attività e Costi'!B11)
B19: =IF('Attività e Costi'!B12="","",'Attività e Costi'!B12)
B20: =IF('Attività e Costi'!B13="","",'Attività e Costi'!B13)
B21: =IF('Attività e Costi'!B14="","",'Attività e Costi'!B14)
B22: =IF('Attività e Costi'!B15="","",'Attività e Costi'!B15)
B23: =IF('Attività e Costi'!B16="","",'Attività e Costi'!B16)
B24: =IF('Attività e Costi'!B17="","",'Attività e Costi'!B17)
A26: DESCRIVERE LA COERENZA DELLA TEMATICA/ATTIVITA' DEL PROGETTO CON GLI OBIETTIVI GENERALI/SPECIFICI SOPRA INDICATI. Criterio di selezione 03.1
F28: max 1500 caratteri

Sheet Info Gen
A1: Forma giuridica | C1: Province | E1: Fonte finanziamento | G1: Consulenza | I1: Elenco consulenti
A2: --Seleziona-- | C2: --Seleziona-- | E2: --Seleziona-- | G2: --Seleziona-- | I2: --Seleziona--
A3: ATI | C3: Città metropolitana di Cagliari | E3: CSR Sardegna 2023-27 | G3: Interna | I3: Iscritto
A4: ATS | C4: Sulcis Iglesiente | E4: H2020 | G4: Esterna | I4: Non iscritto
A5: Rete contratto | C5: Medio Campidano | E5: HEU | G5: Entrambe
A6: In fase di costituzione | C6: Nuoro | E6: fondi privati
C7: Ogliastra | E7: altri fondi
C8: Gallura | E8: nessuna fonte aggiuntiva
C9: Oristano
C10: Città metropolitana di Sassari
C11: Intero territorio regionale
C12: Al di fuori del territorio della Regione Sardegna
C13: Al di fuori del territorio dello Stato italiano

Sheet Keyword
A1: Keyword | B1: Keyword_eng
A2: --Seleziona-- | B2: None
A3: 1. Allevamento di animali | B3: 1. Animal husbandry
A4: 2. Benessere degli animali | B4: 2. Animal welfare
A5: 3. Foraggio e mangime | B5: 3. Fodder and feed
A6: 4. Seminativi | B6: 4. Arable crops
A7: 5. Orticoltura all'aperto e colture legnose (comprese: viticoltura, olivicoltura, frutticoltura, piante ornamentali) | B7: 5. Outdoor horticulture and woody crops (incl. viticulture, olives, fruit, ornamentals)
A8: 6. Colture in serra | B8: 6. Greenhouse crops
A9: 7. Silvicoltura | B9: 7. Forestry
A10: 8. Acquacoltura | B10: 8. Aquaculture
A11: 9. Risorse genetiche | B11: 9. Genetic resources
A12: 10. Controllo dei parassiti/malattie nelle piante | B12: 10. Pest/disease control in plants
... A33: 31. Innovazione sociale | B33: 31. Social innovation

Sheet Partner
A1: Tipologia di partner
A2: --Seleziona--
A3: 1. Imprenditori agricoli e lavoratori agricoli
A4: 2.1 Organizzazione di produttori riconosciuta
A5: 2.2 Forma associativa di aziende agricole (cooperativa/consorzio/altre forme associate)
A6: 3. Imprenditore forestale e lavoratori forestali
A7: 4. Organizzazione/associazione di forestali
A8: 5. Consulente, organizzazione di consulenza o camera agricola
A9: 6. Ricercatore o Ente di ricerca
A10: 7. Ente di formazione o di sviluppo professionale continuo (compresi i formatori professionali)
A11: 8. Organizzazione o agenzia per il clima/ambiente/natura
A12: 9. Fornitori di servizi diversi dai consulenti
... A21: 16. Altro

Sheet Coerenza con il territorio
A1: Torna all'indice
A2: Coerenza delle tematiche affrontate nel progetto rispetto alle caratteristiche dei territori e/o delle filiere cui il progetto si riferisce | C2: Punteggio
A3: Descrivere le modalità di rilevazione della coerenza delle tematiche affrontate nel progetto rispetto alle caratteristiche dei territori e/o delle filiere cui il progetto si riferisce | C3: 2 punti
A4: Descrivere la relazione diretta fra i temi/attività affrontati nel progetto e i servizi di supporto all’innovazione programmati rispetto alle esigenze del territorio e/o delle filiere interessate | C4: 2 punti

Sheet Settore
A1: Settori prodotti agricoli
A2: -- Seleziona --
A3: Cereali
A4: Riso
A5: Zucchero
A6: Foraggi essiccati
A7: Sementi
A8: Luppolo
A9: Olio di oliva e olive da tavola
A10: Lino e canapa
A11: Prodotti ortofrutticoli
A12: Prodotti ortofrutticoli trasformati
... A27: Altro

Sheet Obiettivi
A1: Obiettivi_generali | B1: Obiettivi specifici OG1 | C1: Obiettivi specifici OG2 | D1: Obiettivi specifici OG3
A2: --Seleziona-- | B2: --Seleziona-- | C2: --Seleziona-- | D2: --Seleziona--
A3: OG.1_promuovere_un_settore_agricolo_intelligente__competitivo__resiliente_e_diversificato_che_garantisca_la_sicurezza_alimentare_a_lungo_termine | B3: - OS.1 sostenere un reddito agricolo sufficiente e la resilienza del settore agricolo in tutta l’Unione al fine di rafforzare la sicurezza alimentare a lungo termine, e la diversità agricola, nonché garantire la sostenibilità economica della produzione agricola nell’Unione; | C3: - OS.4 contribuire alla mitigazione dei cambiamenti climatici e all’adattamento agli stessi, anche riducendo le emissioni di gas a effetto serra e migliorando il sequestro del carbonio, nonché promuovere l’energia sostenibile; | D3: - OS.7 attirare e sostenere i giovani agricoltori e i nuovi agricoltori e facilitare lo sviluppo imprenditoriale sostenibile nelle zone rurali;
A4: OG.2_sostenere_e_rafforzare_la_tutela_dell_ambiente__compresa_la_biodiversita_e_l_azione_per_il_clima_e_contribuire_al_raggiungimento_degli_obiettivi_dell_Unione_in_materia_di_ambiente_e_clima__compresi_gli_impegni_assunti_a_norma_dell_accordo_di_Parigi | B4: - OS.2 migliorare l’orientamento al mercato e aumentare la competitività delle aziende agricole, sia a breve che a lungo termine, compresa una maggiore attenzione alla ricerca, alla tecnologia e alla digitalizzazione | C4: - OS.5 promuovere lo sviluppo sostenibile e un’efficiente gestione delle risorse naturali, come l’acqua, il suolo e l’aria, anche riducendo la dipendenza dalle sostanze chimiche; | D4: - OS.8 promuovere l’occupazione, la crescita, la parità di genere, compresa la partecipazione delle donne all’agricoltura, l’inclusione sociale e lo sviluppo locale nelle zone rurali, comprese la bioeconomia circolare e la silvicoltura sostenibile;
A5: OG.3_rafforzare_il_tessuto_socioeconomico_delle_zone_rurali | B5: - OS.3 migliorare la posizione degli agricoltori nella catena del valore; | C5: - OS.6 contribuire ad arrestare e invertire il processo di perdita della biodiversità, migliorare i servizi ecosistemici e preservare gli habitat e i paesaggi; | D5: - OS.9 migliorare la risposta dell’agricoltura dell’Unione alle esigenze della società in materia di alimentazione e salute, compresi alimenti di alta qualità, sani e nutrienti prodotti in modo sostenibile, ridurre gli sprechi alimentari nonché migliorare il benessere degli animali e contrastare le resistenze antimicrobiche.

Sheet Attività
A1: Tipologia attività | B1: Seleziona | C1: _1_Realizzazione_e_gestione_di_punti_di_ascolto_accoglienza_e_incubatori_di_idee_per_le_imprese_allo_scopo_di_far_emergere_e_individuare_le_idee_innovative | D1: _2_Organizzazione_di_interventi_formativi,_informativi,_dimostrativi_e_di_consulenza_integrati_tra_loro_e_diretti_alle_imprese_agricole; | E1: _3_Accompagnamento_alla_nascita_o_potenziamento_di_aziende_dimostrative_e_realizzazione_su_piccola_scala_di_prove_sperimentali_e_di_collaudo_dell’innovazione_e_scambi_di_conoscenze_peer_to_peer_anche_a_supporto_dell_attività_di_cui_ai_punti_precedenti
A2: Seleziona | C2: _1.a) organizzazione e realizzazione di focus group su filiere_tematiche di particolare interesse | D2: _2.a) interventi formativi | E2: _3.a) attività relative alla realizzazione di scambi di conoscenze “peer to peer” ovvero scambio diretto tra pari che imparano l'uno dall'altro: riunioni tra agricoltori dello stesso territorio e/o interessati alla condivisione e alla risoluzione della stessa problematica tecnica/organizzativa, riunioni tra agricoltori e ricercatori su problematiche specifiche .
A3: _1_Realizzazione_e_gestione_di_punti_di_ascolto_accoglienza_e_incubatori_di_idee_per_le_imprese_allo_scopo_di_far_emergere_e_individuare_le_idee_innovative | C3: _1. b) creazione di reti e comunità di confronto e scambio di conoscenze, volte a far emergere le idee innovative e a revisionare, riassumere e condividere buone pratiche e soluzioni innovative, sviluppate e collaudate anche attraverso altri progetti di innovazione e di ricerca; | D3: _2.b) interventi informativi | E3: _3.b) attività di supporto alla creazione di nuove aziende dimostrative per l’attuazione su piccola scala di prove sperimentali e di collaudo dell’innovazione (prove in campo e operative, attività di collaudo e azioni connesse alla dimostrazione, quali visite e open day); al riguardo, alle prove e dimostrazioni dovrà essere garantito il libero accesso ai potenziali destinatari (addetti dei settori agricolo, forestale, altri soggetti pubblici e privati e gestori del territorio operanti nelle zone rurali, e più in generale cittadini e consumatori).
A4: _2_Organizzazione_di_interventi_formativi__informativi__dimostrativi_e_di_consulenza_integrati_tra_loro_e_diretti_alle_imprese_agricole | C4: _1.c) realizzazione e gestione di punti di ascolto e sportelli informativi territoriali sul sistema AKIS e le attività ad esso correlate, allo scopo di far emergere i fabbisogni delle imprese e presentare all’utenza (addetti dei settori agricolo, forestale, altri soggetti pubblici e privati e gestori del territorio operanti nelle zone rurali, e più in generale cittadini e consumatori) le opportunità disponibili. | D4: _2.c) interventi dimostrativi
A5: _3_Accompagnamento_alla_nascita_o_potenziamento_di_aziende_dimostrative_e_realizzazione_su_piccola_scala_di_prove_sperimentali_e_di_collaudo_dell’innovazione_e_scambi_di_conoscenze_peer_to_peer_anche_a_supporto_dell_attività_di_cui_ai_punti_precedenti | C5: _1.d) Organizzazione di attività di divulgazione_disseminazione dei risultati dei progetti dei GO del PEI AGRI regionali. | D5: _2.d) interventi di consulenza
A12: 1.realizzazione e gestione di punti di ascolto, accoglienza e incubatori di idee per le imprese, allo scopo di far emergere e individuare le idee innovative:
A13: 1.a) organizzazione e realizzazione di focus group su filiere/tematiche di particolare interesse
A14: 1. b) creazione di reti e comunità di confronto e scambio di conoscenze, volte a far emergere le idee innovative e a revisionare, riassumere e condividere buone pratiche e soluzioni innovative, sviluppate e collaudate anche attraverso altri progetti di innovazione e di ricerca;
A15: 1.c) realizzazione e gestione di punti di ascolto e sportelli informativi territoriali sul sistema AKIS e le attività ad esso correlate, allo scopo di far emergere i fabbisogni delle imprese e presentare all’utenza (addetti dei settori agricolo, forestale, altri soggetti pubblici e privati e gestori del territorio operanti nelle zone rurali, e più in generale cittadini e consumatori) le opportunità disponibili.
A16: 1.d) Organizzazione di attività di divulgazione/disseminazione dei risultati dei progetti dei GO del PEI AGRI regionali.
A19: 2.organizzazione di interventi formativi, informativi, dimostrativi e di consulenza integrati tra loro e diretti alle imprese agricole:
A20: 2.a) interventi formativi
A21: 2.b) interventi informativi
A22: 2.c) interventi dimostrativi
A23: 2.d) interventi di consulenza
A26: 3.accompagnamento alla nascita o potenziamento di aziende dimostrative e realizzazione su piccola scala di prove sperimentali e di collaudo dell’innovazione, e scambi di conoscenze “peer to peer” anche a supporto dell’attività di cui ai punti precedenti;
A27: 3.a) attività relative alla realizzazione di scambi di conoscenze “peer to peer” ovvero scambio diretto tra pari che imparano l'uno dall'altro: riunioni tra agricoltori dello stesso territorio e/o interessati alla condivisione e alla risoluzione della stessa problematica tecnica/organizzativa, riunioni tra agricoltori e ricercatori su problematiche specifiche .
A28: 3.b) attività di supporto alla creazione di nuove aziende dimostrative per l’attuazione su piccola scala di prove sperimentali e di collaudo dell’innovazione (prove in campo e operative, attività di collaudo e azioni connesse alla dimostrazione, quali visite e open day); al riguardo, alle prove e dimostrazioni dovrà essere garantito il libero accesso ai potenziali destinatari (addetti dei settori agricolo, forestale, altri soggetti pubblici e privati e gestori del territorio operanti nelle zone rurali, e più in generale cittadini e consumatori).

Sheet Beneficiari
A2: 1. Enti di formazione accreditati
A3: 2. Soggetti prestatori di consulenza
A4: 3. Enti di ricerca, Università, Scuole di studi superiori universitari pubblici e privati
A5: 4. Istituti Tecnici Superiori (ITS)
A6: 5. Istituti di Istruzione Tecnici e Professionali
A7: 6.1 Altri soggetti pubblici e privati attivi nell’ambito dell’AKIS: Imprese agricole e/o forestali (in forma singola e/o associata)
A8: 6.2 Altri soggetti pubblici e privati attivi nell’ambito dell’AKIS: Imprese attive nel campo dell’ICT
A9: 7. Altri soggetti operanti nel settore agricolo, forestale e alimentare
A10: 8. Enti e Agenzie del Sistema Regione di cui alla L.R. 31/1998 e Società in house della Regione Sardegna.

Sheet Trasferibilità e Diss.
A1: Trasferibilità | B1: Disseminazione | D1: Personale | F1: Azione | G1: Seleziona | H1: Disseminazione | I1: Divulgazione
A2: -- Seleziona -- | B2: -- Seleziona -- | D2: -- Seleziona -- | F2: Seleziona | H2: Seminario | I2: Sito/pagina web
A3: Trasferibile e replicabile in altri contesti produttivi e/o territoriali | B3: Sì | D3: Personale specializzato | F3: Disseminazione | H3: Campi dimostrativi | I3: Pagina social
A4: Non trasferibile e replicabile in altri contesti produttivi e/o territoriali | B4: No | D4: Personale non specializzato | F4: Divulgazione | H4: Pubblicazione in riviste tematiche e specializzate | I4: Workshop
H5: Partecipazione/organizzazione visita aziendale | I5: Brochure
H6: Partecipazione/organizzazione convegno | I6: Pubblicazione divulgativa
H7: Partecipazione/organizzazione incontro divulgativo | I7: Opuscolo
H8: Altro | I8: Altro
